Workbook
Name _Fill: #REF!
Name _Fill: #REF!
Name _Fill: #REF!
Name _Fill: #REF!
Name _Fill: #REF!
Name _Key1: #REF!
Name _Key1: #REF!
Name _Key1: #REF!
Name _Key1: #REF!
Name _Key1: #REF!
Name _Sort: #REF!
Name _Sort: #REF!
Name _Sort: #REF!
Name _Sort: #REF!
Name _Sort: #REF!
Name A: #REF!
Name A: #REF!
Name A: #REF!
Name A: #REF!
Name A_23: #REF!
Name A_23: #REF!
Name A_23: #REF!
Name DDSDSDSDSD: #REF!
Name DDSDSDSDSD: #REF!
Name DDSDSDSDSD: #REF!
Name DDSDSDSDSD: #REF!
Name FINMOV: #REF!
Name FINMOV: #REF!
Name FINMOV: #REF!
Name FINMOV: #REF!
Name HGF: #REF!
Name HGF: #REF!
Name HGF: #REF!
Name HGF: #REF!
Name HGGG: #REF!
Name HGGG: #REF!
Name HGGG: #REF!
Name HGGG: #REF!
Name JJKJKJK: #REF!
Name JJKJKJK: #REF!
Name JJKJKJK: #REF!
Name JJKJKJK: #REF!
Name JKJKJKJK: #REF!
Name JKJKJKJK: #REF!
Name JKJKJKJK: #REF!
Name JKJKJKJK: #REF!
Name L_MOD: #REF!
Name L_MOD: #REF!
Name L_MOD: #REF!
Name L_TIPO: #REF!
Name L_TIPO: #REF!
Name L_TIPO: #REF!
Name L_TIPO: #REF!
Name L_TIPO_PROY: #REF!
Name L_TIPO_PROY: #REF!
Name L_TIPO_PROY: #REF!
Name L_TIPO_PROY: #REF!
Name MATERIALES: #REF!
Name o: #REF!
Name OJO: #REF!

Sheet PRESUPUESTO
F2: =TODAY() -> 45758
A4: OBRA PUBLICA PARA EL CUMPLIMIENTO DEL PLAN DE REGULARIZACIÓN Y MANEJO DEL DISPENSARIO CONJUNTO DE SANIDAD MILITAR FAC-ARC EN LA CIUDAD DE BOGOTÁ D.C, CONFORME ANEXO TECNICO Y DEMÁS ESPECIFICACIONES TÉCNICAS QUE RIGEN EL PROCESO
A6: MINISTERIO DE DEFENSA NACIONAL
A8: FUERZA AEROESPACIAL COLOMBIANA
A10: NOTAS:
A11: a) El presente presupuesto, cantidades de obra y analisis de precios unitarios que a continuación se presentan son aproximadas y son un estimado para la elaboración del proyecto por parte del contratista, el cual debera realizar su propio presupuesto y analisis de precios unitarios teniendo en cuenta las consideraciones aquí presentadas.
A12: b) Su pago será determinado por la obra medida, realmente ejecutada, previa medición por parte de la interventoría y/o supervisor.
A13: c) Durante la ejecución de la obra se deben verificar las medidas por parte del contratista y la interventoría.
A14: d) El contratista deberá prever todos los costos correspondientes a materiales, mano de obra, transportes y demás costos directos e indirectos requeridos para realizar la totalidad de las obras.
A15: PRESUPUESTO
A16: Ítem | B16: Actividad | C16: Und | D16: Cantidad | E16: Vr. Unitario | F16: Vr. Total
A17: 1 | B17: PRELIMINARES | F17: =SUM(F18:F22) -> 0
A18: 1.1 | B18: =VLOOKUP(A18,'CANTIDADES DE OBRA'!$A$17:$F$128,2,FALSE) -> CAMPAMENTO DE 36 M2 | C18: =VLOOKUP(A18,'CANTIDADES DE OBRA'!$A$17:$F$128,3,FALSE) -> UN | D18: =VLOOKUP(A18,'CANTIDADES DE OBRA'!$A$17:$F$128,4,FALSE) -> 1 | F18: =+E18*D18 -> 0 | G18: =+F18 -> 0
A19: 1.2 | B19: =VLOOKUP(A19,'CANTIDADES DE OBRA'!$A$17:$F$128,2,FALSE) -> DEMOLICIÓN DE PLACAS MACIZAS E= 015 INCLUYE RETIRO | C19: =VLOOKUP(A19,'CANTIDADES DE OBRA'!$A$17:$F$128,3,FALSE) -> M2 | D19: =VLOOKUP(A19,'CANTIDADES DE OBRA'!$A$17:$F$128,4,FALSE) -> 1562.7 | F19: =+E19*D19 -> 0
A20: 1.3 | B20: =VLOOKUP(A20,'CANTIDADES DE OBRA'!$A$17:$F$128,2,FALSE) -> DEMOLICION TOTAL EDIFICACIONES ALTURA 5,50 A 6,00 2 PISOS O MAS CON MAQUINARIA INCLUYE EL RETIRO DEL MATERIAL DEMOLIDO | C20: =VLOOKUP(A20,'CANTIDADES DE OBRA'!$A$17:$F$128,3,FALSE) -> M2 | D20: =VLOOKUP(A20,'CANTIDADES DE OBRA'!$A$17:$F$128,4,FALSE) -> 220 | F20: =+E20*D20 -> 0 | G20: =+F20 -> 0
A21: 1.4 | B21: =VLOOKUP(A21,'CANTIDADES DE OBRA'!$A$17:$F$128,2,FALSE) -> DEMOLICION TOTAL EDIFICACIONES ALTURA 6,01 A 8,00 3 PISOS O MAS CON MAQUINARIA INCLUYE EL RETIRO DEL MATERIAL DEMOLIDO | C21: =VLOOKUP(A21,'CANTIDADES DE OBRA'!$A$17:$F$128,3,FALSE) -> M2 | D21: =VLOOKUP(A21,'CANTIDADES DE OBRA'!$A$17:$F$128,4,FALSE) -> 664 | F21: =+E21*D21 -> 0
A22: 1.5 | B22: DEMOLICIÓN DE MUROS EN BLOQUE / LADRILLO / DRY WALL INCLUYE RETIRO DEL MATERIAL | C22: M2 | D22: 64.8 | F22: =+E22*D22 -> 0
A23: 2 | B23: MOVIMIENTO DE TIERRAS | F23: =SUM(F24) -> 0
A24: 2.1 | B24: =VLOOKUP(A24,'CANTIDADES DE OBRA'!A22:F128,2,FALSE) -> EXCAVACION MANUAL EN TERRENO CONSISTENTE, NO INCLUYE CARGUE, RETIRO Y DISPOCISION FINAL DE EXCAVACION | C24: =VLOOKUP(A24,'CANTIDADES DE OBRA'!A22:F128,3,FALSE) -> M3 | D24: 71 | F24: =+E24*D24 -> 0 | G24: =+E24*35 -> 0
A25: 3 | B25: CIMENTACION | F25: =SUM(F26:F31) -> 0 | G25: =+E25*35 -> 0
A26: 3.1 | B26: =VLOOKUP(A26,'CANTIDADES DE OBRA'!A24:F128,2,FALSE) -> COMPACTACIÓN DE CAPA SUBRASANTE HASTA ALCANZAR CBR=95% DEL PROCTOR MODIFICADO | C26: =VLOOKUP(A26,'CANTIDADES DE OBRA'!A24:F128,3,FALSE) -> M2 | D26: =VLOOKUP(A26,'CANTIDADES DE OBRA'!A24:F128,4,FALSE) -> 151.04 | F26: =+E26*D26 -> 0 | G26: =+E26*35 -> 0
A27: 3.2 | B27: =VLOOKUP(A27,'CANTIDADES DE OBRA'!A25:F128,2,FALSE) -> RELLENO COMPACTADO AL 95% DEL PROCTOR MODIFICADO TIPO SUB-BASE B-200 SEGÚN PLANOS. INCLUYE SUMINISTRO, EXTENDIDO, NIVELACIÓN, HUMEDECIMIENTO Y COMPACTACIÓN. | C27: =VLOOKUP(A27,'CANTIDADES DE OBRA'!A25:F128,3,FALSE) -> M3 | D27: =VLOOKUP(A27,'CANTIDADES DE OBRA'!A25:F128,4,FALSE) -> 65 | F27: =+E27*D27 -> 0 | G27: =+F27 -> 0
A28: 3.3 | B28: =VLOOKUP(A28,'CANTIDADES DE OBRA'!A26:F128,2,FALSE) -> SOLADO DE LIMPIEZA EN CONCRETO DE 2.000 PSI DE E=0.05 M SEGÚN PLANOS. INCLUYE MATERIALES, MANO DE OBRA, EQUIPOS Y HERRAMIENTAS NECESARIAS | C28: =VLOOKUP(A28,'CANTIDADES DE OBRA'!A26:F128,3,FALSE) -> M2 | D28: =VLOOKUP(A28,'CANTIDADES DE OBRA'!A26:F128,4,FALSE) -> 121 | F28: =+E28*D28 -> 0 | G28: =+F28 -> 0
A29: 3.4 | B29: =VLOOKUP(A29,'CANTIDADES DE OBRA'!A27:F128,2,FALSE) -> ZAPATA EN CONCRETO DE 3.000 PSI IMPERMEABILIZADO SEGÚN PLANOS. INCLUYE, MANO DE OBRA, FORMALETAS, EQUIPOS Y HERRAMIENTAS NECESARIAS, NO INCLUYE ACERO DE REFUERZO | C29: =VLOOKUP(A29,'CANTIDADES DE OBRA'!A27:F128,3,FALSE) -> M3 | D29: =VLOOKUP(A29,'CANTIDADES DE OBRA'!A27:F128,4,FALSE) -> 5 | F29: =+E29*D29 -> 0 | G29: =+F29 -> 0
A30: 3.5 | B30: =VLOOKUP(A30,'CANTIDADES DE OBRA'!A28:F128,2,FALSE) -> VIGAS DE CIMENTACION EN CONCRETO DE 3.000 PSI IMPERMEABILIZADO SEGÚN PLANOS. INCLUYE MANO DE OBRA, FORMALETAS, EQUIPOS Y HERRAMIENTAS NECESARIAS, NO INCLUYE ACERO DE REFUERZO. | C30: =VLOOKUP(A30,'CANTIDADES DE OBRA'!A28:F128,3,FALSE) -> M3 | D30: =VLOOKUP(A30,'CANTIDADES DE OBRA'!A28:F128,4,FALSE) -> 4 | F30: =+E30*D30 -> 0 | G30: =+F30 -> 0
A31: 3.6 | B31: =VLOOKUP(A31,'CANTIDADES DE OBRA'!A29:F128,2,FALSE) -> JUNTA DE DILATACIÓN ENTRE COLUMNAS, MUROS O ELEMENTOS VERTICALES TIPO SIKAFLEX-ICOPOR O SIMILAR (INCLUYE MANO DE OBRA, EQUIPOS Y HERRAMIENTAS NECESARIAS) | C31: =VLOOKUP(A31,'CANTIDADES DE OBRA'!A29:F128,3,FALSE) -> ML | D31: =VLOOKUP(A31,'CANTIDADES DE OBRA'!A29:F128,4,FALSE) -> 30 | F31: =+E31*D31 -> 0 | G31: =+F31 -> 0
A32: 4 | B32: ESTRUCTURA | F32: =SUM(F33:F34) -> 0
A33: 4.1 | B33: =VLOOKUP(A33,'CANTIDADES DE OBRA'!A32:F128,2,FALSE) -> COLUMNA EN CONCRETO DE 3.000 PSI SEGÚN PLANOS. INCLUYE MANO DE OBRA, FORMALETAS, EQUIPOS Y HERRAMIENTAS NECESARIAS, NO INCLUYE ACERO DE REFUERZO | C33: =VLOOKUP(A33,'CANTIDADES DE OBRA'!A32:F128,3,FALSE) -> M3 | D33: =VLOOKUP(A33,'CANTIDADES DE OBRA'!A32:F128,4,FALSE) -> 7 | F33: =+E33*D33 -> 0 | G33: =+F33 -> 0
A34: 4.2 | B34: =VLOOKUP(A34,'CANTIDADES DE OBRA'!A33:F128,2,FALSE) -> ACERO DE REFUERZO ESTRUCTURAL FY: 420 MPA GR 60 -NTC 2289 INCLUYE ALAMBRE NEGRO . TRASIEGO, MANEJO | C34: =VLOOKUP(A34,'CANTIDADES DE OBRA'!A33:F128,3,FALSE) -> KG | D34: =VLOOKUP(A34,'CANTIDADES DE OBRA'!A33:F128,4,FALSE) -> 3087 | F34: =+E34*D34 -> 0 | G34: =+F34 -> 0
A35: 5 | B35: MAMPOSTERIA | F35: =SUM(F36:F39) -> 0
A36: 5.1 | B36: =VLOOKUP(A36,'CANTIDADES DE OBRA'!A34:F128,2,FALSE) -> ALFAJÍA EN CONCRETO DE 3000 PSI A=025. (INCLUYE REFUERZO) | C36: =VLOOKUP(A36,'CANTIDADES DE OBRA'!A34:F128,3,FALSE) -> ML | D36: =VLOOKUP(A36,'CANTIDADES DE OBRA'!A34:F128,4,FALSE) -> 28.3 | F36: =+E36*D36 -> 0 | G36: =+F36 -> 0
A37: 5.2 | B37: =VLOOKUP(A37,'CANTIDADES DE OBRA'!A35:F128,2,FALSE) -> MURO EN LADRILLO GRAN FORMATO TERRACOTA 39X11,5X5 INCLUYE ACERO DE REFUERZO MORTERO RELLENO DE DOVELAS PEGA Y ANCLAJES . | C37: =VLOOKUP(A37,'CANTIDADES DE OBRA'!A35:F128,3,FALSE) -> ML | D37: =VLOOKUP(A37,'CANTIDADES DE OBRA'!A35:F128,4,FALSE) -> 28.3 | F37: =+E37*D37 -> 0 | G37: =+F37 -> 0
A38: 5.3 | B38: ALFAJIAS EN CONCRETO DE 3000 PSI - (20 X 5) PARA MURO DE 12 CM | C38: ML | D38: 60 | F38: =+E38*D38 -> 0
A39: 5.4 | B39: MURO EN BLOQUE DE ARCILLA N°5 PV E=0,12 MTS, , INCLUYE , MORTERO RELLENO DE DOVELAS, PEGA Y ANCLAJES, INCLUYE ACERO DE REFUERZO. | C39: M2 | D39: 144 | F39: =+E39*D39 -> 0
A40: 6 | B40: INSTALACIONES HIDROSANITARIAS | F40: =SUM(F42:F43) -> 0
A41: 6.1 | B41: INFRAESTRUCTURA AGUAS LLUVIAS
A42: 6.1.1 | B42: =VLOOKUP(A42,'CANTIDADES DE OBRA'!A39:F128,2,FALSE) -> CAÑUELA PREFABRICADA A-120 22X30X80, INCLUYE TODO LO NECESARIO PARA SU CORRECTA INSTALACIÓN Y FUNCIONAMIENTO | C42: =VLOOKUP(A42,'CANTIDADES DE OBRA'!A39:F128,3,FALSE) -> UN | D42: =VLOOKUP(A42,'CANTIDADES DE OBRA'!A39:F128,4,FALSE) -> 88 | F42: =+E42*D42 -> 0
A43: 6.1.2 | B43: =VLOOKUP(A43,'CANTIDADES DE OBRA'!A40:F128,2,FALSE) -> LIMPIEZA CANAL AGUAS LLUVIAS, EXISTENTE | C43: =VLOOKUP(A43,'CANTIDADES DE OBRA'!A40:F128,3,FALSE) -> ML | D43: =VLOOKUP(A43,'CANTIDADES DE OBRA'!A40:F128,4,FALSE) -> 107.1 | F43: =+E43*D43 -> 0
A44: 7 | B44: INSTALACIONES ELECTRICAS | F44: =SUM(F45:F48) -> 0
A45: 7.1 | B45: =VLOOKUP(A45,'CANTIDADES DE OBRA'!A42:F129,2,FALSE) -> LÁMPARA LED SOLAR DE 400W PARA ALUMBRADO EXTERIOR, 36,000 LÚMENES, Y TEMPERATURA DE COLOR DE 6500K (BLANCO FRÍO). INCLUYE PANEL SOLAR MONOCRISTALINO DE 36W, BATERÍA DE 35AH, SOPORTE PARA MONTAJE EN POSTE O PARED Y CONTROL REMOTO. RESISTENTE AL AGUA CON PROTECCIÓN IP65. DIMENSIONES DE LA LÁMPARA: 56X33X12.5 CM; DIMENSIONES DEL PANEL: 60X32 CM. | C45: =VLOOKUP(A45,'CANTIDADES DE OBRA'!A42:F129,3,FALSE) -> UN | D45: 6 | F45: =+E45*D45 -> 0
A46: 7.2 | B46: =VLOOKUP(A46,'CANTIDADES DE OBRA'!A43:F131,2,FALSE) -> POSTE CÓNICO DE ACERO GALVANIZADO EN CALIENTE, ALTURA DE 6 METROS, CON DIÁMETRO SUPERIOR DE 60 MM Y DIÁMETRO INFERIOR DE 130 MM. ESPESOR DE 3 MM, INCLUYE PLACA BASE DE 300X300X12 MM Y PERNOS J DE ANCLAJE. CUMPLE CON NORMATIVA NCH432 PARA RESISTENCIA A CONDICIONES DE INTEMPERIE Y FUERTES RÁFAGAS DE VIENTO, ADECUADO PARA PROYECTOS DE ILUMINACIÓN EN EXTERIORES. | C46: =VLOOKUP(A46,'CANTIDADES DE OBRA'!A43:F131,3,FALSE) -> UN | D46: 6 | F46: =+E46*D46 -> 0
A47: 7.3 | B47: LUMINARIA LED SOLAR AUTÓNOMA DE 50W PARA INSTALACIÓN EN MUROS EXTERIORES, CON FLUJO LUMINOSO DE 6000 LÚMENES Y TEMPERATURA DE COLOR AJUSTABLE ENTRE 3000K, 4000K Y 6000K. OFRECE TRES MODOS DE ILUMINACIÓN: SENSOR DE MOVIMIENTO, LUZ BAJA CONSTANTE Y LUZ ALTA CONSTANTE, OPTIMIZANDO LA GESTIÓN DE ENERGÍA PARA MAYOR AUTONOMÍA. SU DISEÑO DE PERFIL BAJO Y CARCASA DE ALUMINIO RESISTENTE CUENTA CON CLASIFICACIÓN IP65, GARANTIZANDO IMPERMEABILIDAD Y PROTECCIÓN CONTRA EL POLVO, IDEAL PARA EXTERIORES. | C47: =VLOOKUP(A47,'CANTIDADES DE OBRA'!A44:F133,3,FALSE) -> UN | D47: 10 | F47: =+E47*D47 -> 0
A48: 7.4 | B48: =VLOOKUP(A48,'CANTIDADES DE OBRA'!A45:F134,2,FALSE) -> JUEGO DE MARCO EN ACERO Y 2 TAPAS DE CONCRETO PARA CÁMARA DE INSPECCIÓN DOBLE CS276 | C48: =VLOOKUP(A48,'CANTIDADES DE OBRA'!A45:F134,3,FALSE) -> UN | D48: 1 | F48: =+E48*D48 -> 0
A49: 10 | B49: PAÑETES | F49: =SUM(F50:F51) -> 0
A50: 10.1 | B50: =VLOOKUP(A50,'CANTIDADES DE OBRA'!A46:F150,2,FALSE) -> PAÑETE IMPERMEABILIZADO COLUMNAS 1:3 - E= 15 MM. ANCHO COLUMNAS ENTRE 0,20 A 0,40 | C50: =VLOOKUP(A50,'CANTIDADES DE OBRA'!A46:F150,3,FALSE) -> ML | D50: =VLOOKUP(A50,'CANTIDADES DE OBRA'!A46:F150,4,FALSE) -> 115.2 | F50: =+E50*D50 -> 0 | G50: =+F50 -> 0
A51: 10.1 | B51: PAÑETE IMPERMEABILIZADO MUROS 1:3 - E= 15 MM. INCLUYE SU APLICACIÓN EN FILOS, CARTERAS Y DILATACIONES" | C51: M2 | D51: 144 | F51: =+E51*D51 -> 0
A52: 12 | B52: =+'CANTIDADES DE OBRA'!B48 -> ACABADOS E IMPERMEABILIZACIONES | F52: =SUM(F53) -> 0
A53: 12.1 | B53: =VLOOKUP(A53,'CANTIDADES DE OBRA'!A48:F154,2,FALSE) -> ESTUCO Y PINTURA EXTERIORES EXTRABLINDAJE ANTIHONGOS ANTIALGAS 3 MANOS (INCLUYE ESTUCO FILOS Y DILATACIONES) | C53: =VLOOKUP(A53,'CANTIDADES DE OBRA'!A48:F154,3,FALSE) -> ML | D53: =VLOOKUP(A53,'CANTIDADES DE OBRA'!A48:F154,4,FALSE) -> 115.2 | F53: =+E53*D53 -> 0 | G53: =+F53 -> 0
A54: 15 | B54: CARPINTERIA METALICA | F54: =SUM(F55) -> 0
A55: 15.1 | B55: =VLOOKUP(A55,'CANTIDADES DE OBRA'!A50:F160,2,FALSE) -> CERRAMIENTO DE( 2.70 X 1.85 DE ALTURA) EN VARILLA CUADRADA DE 1/2 DE ACUERDO A DISEÑO BARROTES PARTE CENTRAL CIRCULOS DE 10CM EN VARILLA CUADRADA DE 1/2 CENTRO Y PUNTAS DE LANZA DECORADAS ACABADO COLOR NEGRO ELECTROESTATICA MICROTEXTURIZADO NEGRO MATE. INSTALADO | C55: =VLOOKUP(A55,'CANTIDADES DE OBRA'!A50:F160,3,FALSE) -> M2 | D55: =VLOOKUP(A55,'CANTIDADES DE OBRA'!A50:F160,4,FALSE) -> 53.8 | F55: =+E55*D55 -> 0 | G55: =+F55 -> 0
A56: 22 | B56: OBRAS GENERALES | F56: =SUM(F57:F62) -> 0
A57: 22.1 | B57: =VLOOKUP(A57,'CANTIDADES DE OBRA'!A52:F174,2,FALSE) -> EMPRADIZACIÓN - TIERRA NEGRA ABONO Y GRAMA TIPO KIKUYO | C57: =VLOOKUP(A57,'CANTIDADES DE OBRA'!A52:F174,3,FALSE) -> M2 | D57: 392 | F57: =+E57*D57 -> 0
A58: 22.2 | B58: =VLOOKUP(A58,'CANTIDADES DE OBRA'!A53:F175,2,FALSE) -> CONTENEDOR DE RAÍCES TIPO A 1.20X1.20 LADRILLO TOLETE LECHO FILTRANTE REF. CONT.: CARTILLA DEL ESPACIO PÚBLICO BTA | C58: =VLOOKUP(A58,'CANTIDADES DE OBRA'!A53:F175,3,FALSE) -> UN | D58: =VLOOKUP(A58,'CANTIDADES DE OBRA'!A53:F175,4,FALSE) -> 7 | F58: =+E58*D58 -> 0 | G58: =+F58 -> 0
A59: 22.3 | B59: =VLOOKUP(A59,'CANTIDADES DE OBRA'!A54:F176,2,FALSE) -> SIEMBRA DE ESPECIE ARBOREA TIPO CAYENO H= 50 CM MINIMO , (INCLUYE TIERRA NEGRA, TUTOR, ABONO Y HIDRORETENEDOR HIDROGEL ) | C59: =VLOOKUP(A59,'CANTIDADES DE OBRA'!A54:F176,3,FALSE) -> UN | D59: 3 | F59: =+E59*D59 -> 0
A60: 22.4 | B60: =VLOOKUP(A60,'CANTIDADES DE OBRA'!A55:F177,2,FALSE) -> SIEMBRA DE ESPECIE ARBOREA TIPO AYER HOY Y MAÑANA H= 50 CM MINIMO , (INCLUYE TIERRA NEGRA, TUTOR, ABONO Y HIDRORETENEDOR HIDROGEL ) | C60: =VLOOKUP(A60,'CANTIDADES DE OBRA'!A55:F177,3,FALSE) -> UN | D60: =VLOOKUP(A60,'CANTIDADES DE OBRA'!A55:F177,4,FALSE) -> 2 | F60: =+E60*D60 -> 0
A61: 22.5 | B61: =VLOOKUP(A61,'CANTIDADES DE OBRA'!A56:F178,2,FALSE) -> SIEMBRA DE ESPECIE ARBOREA TIPO ALCAPARRO ENANO H= 70 CM MINIMO , (INCLUYE TIERRA NEGRA, TUTOR, ABONO Y HIDRORETENEDOR HIDROGEL ) | C61: =VLOOKUP(A61,'CANTIDADES DE OBRA'!A56:F178,3,FALSE) -> UN | D61: =VLOOKUP(A61,'CANTIDADES DE OBRA'!A56:F178,4,FALSE) -> 2 | F61: =+E61*D61 -> 0
A62: 22.6 | B62: =VLOOKUP(A62,'CANTIDADES DE OBRA'!A57:F179,2,FALSE) -> SIEMBRA DE ESPECIE ARBOREA TIPO EUGENIA H= 50 CM MINIMO , (INCLUYE TIERRA NEGRA, ABONO Y HIDRORETENEDOR HIDROGEL ) | C62: =VLOOKUP(A62,'CANTIDADES DE OBRA'!A57:F179,3,FALSE) -> UN | D62: 530 | F62: =+E62*D62 -> 0
A63: 23 | B63: URBANISMO | F63: =SUM(F64:F94) -> 0
A64: 23.1 | B64: =VLOOKUP(A64,'CANTIDADES DE OBRA'!A59:F176,2,FALSE) -> EXCAVACION MECANICA , NO INCLUYE CARGUE, RETIRO Y DISPOCISIÓN FINAL DE EXCAVACION | C64: =VLOOKUP(A64,'CANTIDADES DE OBRA'!A59:F176,3,FALSE) -> M3 | D64: =VLOOKUP(A64,'CANTIDADES DE OBRA'!A59:F176,4,FALSE) -> 1028.63 | F64: =+E64*D64 -> 0
A65: 23.2 | B65: =VLOOKUP(A65,'CANTIDADES DE OBRA'!A60:F177,2,FALSE) -> TRANSPORTE DE MATERIAL DE EXCAVACION A SITIO AUTORIZADO. | C65: =VLOOKUP(A65,'CANTIDADES DE OBRA'!A60:F177,3,FALSE) -> M3 | D65: =VLOOKUP(A65,'CANTIDADES DE OBRA'!A60:F177,4,FALSE) -> 1337.22 | F65: =+E65*D65 -> 0
A66: 23.3 | B66: =VLOOKUP(A66,'CANTIDADES DE OBRA'!A61:F178,2,FALSE) -> NIVELACIÓN, CONFORMACIÓN Y COMPACTACIÓN DE LA SUB-RASANTE HASTA OBTENER UN CBR URBANO DEL 95%. | C66: =VLOOKUP(A66,'CANTIDADES DE OBRA'!A61:F178,3,FALSE) -> M2 | D66: =VLOOKUP(A66,'CANTIDADES DE OBRA'!A61:F178,4,FALSE) -> 1137.15 | F66: =+E66*D66 -> 0
A67: 23.4 | B67: =VLOOKUP(A67,'CANTIDADES DE OBRA'!A62:F179,2,FALSE) -> EXTENDIDO Y COMPACTACION SUBBASE GRANULAR CLASE B | C67: =VLOOKUP(A67,'CANTIDADES DE OBRA'!A62:F179,3,FALSE) -> M3 | D67: =VLOOKUP(A67,'CANTIDADES DE OBRA'!A62:F179,4,FALSE) -> 293.9 | F67: =+E67*D67 -> 0
A68: 23.5 | B68: =VLOOKUP(A68,'CANTIDADES DE OBRA'!A63:F180,2,FALSE) -> EXTENDIDO Y COMPACTACION BASE GRANULAR CLASE B | C68: =VLOOKUP(A68,'CANTIDADES DE OBRA'!A63:F180,3,FALSE) -> M3 | D68: =VLOOKUP(A68,'CANTIDADES DE OBRA'!A63:F180,4,FALSE) -> 244.91 | F68: =+E68*D68 -> 0
A69: 23.6 | B69: =VLOOKUP(A69,'CANTIDADES DE OBRA'!A64:F181,2,FALSE) -> EXTENDIDO Y COMPACTACION DE BASE ESTABILIZADORA EN RAJON | C69: =VLOOKUP(A69,'CANTIDADES DE OBRA'!A64:F181,3,FALSE) -> M3 | D69: =VLOOKUP(A69,'CANTIDADES DE OBRA'!A64:F181,4,FALSE) -> 391.86 | F69: =+E69*D69 -> 0
A70: 23.7 | B70: =VLOOKUP(A70,'CANTIDADES DE OBRA'!A65:F182,2,FALSE) -> GEOTEXTIL BX 40 O SIMILAR | C70: =VLOOKUP(A70,'CANTIDADES DE OBRA'!A65:F182,3,FALSE) -> M2 | D70: =VLOOKUP(A70,'CANTIDADES DE OBRA'!A65:F182,4,FALSE) -> 979.65 | F70: =+E70*D70 -> 0
A71: 23.8 | B71: =VLOOKUP(A71,'CANTIDADES DE OBRA'!A66:F183,2,FALSE) -> IMPRIMACION CON EMULSIÓN ASFALTICA (CRL) | C71: =VLOOKUP(A71,'CANTIDADES DE OBRA'!A66:F183,3,FALSE) -> M2 | D71: =VLOOKUP(A71,'CANTIDADES DE OBRA'!A66:F183,4,FALSE) -> 1048.01 | F71: =+E71*D71 -> 0
A72: 23.9 | B72: =VLOOKUP(A72,'CANTIDADES DE OBRA'!A67:F184,2,FALSE) -> PAVIMENTO ASFÁLTICO (MDC - 19 INVIAS) | C72: =VLOOKUP(A72,'CANTIDADES DE OBRA'!A67:F184,3,FALSE) -> M3 | D72: 160.39 | F72: =+E72*D72 -> 0
A73: 23.10 | B73: =VLOOKUP(A73,'CANTIDADES DE OBRA'!A68:F185,2,FALSE) -> MARCAS VIALES CON PINTURA TRAFICO BLANCO Y AMARILLO REFLECTIVA CON MICROESFERAS. | C73: =VLOOKUP(A73,'CANTIDADES DE OBRA'!A68:F185,3,FALSE) -> M2 | D73: =VLOOKUP(A73,'CANTIDADES DE OBRA'!A68:F185,4,FALSE) -> 152.37 | F73: =+E73*D73 -> 0
A74: 23.11 | B74: =VLOOKUP(A74,'CANTIDADES DE OBRA'!A69:F186,2,FALSE) -> MARCACION DE DISCAPACITADOS CON PINTURA TRAFICO AZUL Y BLANCO REFLECTIVA CON MICROESFERAS | C74: =VLOOKUP(A74,'CANTIDADES DE OBRA'!A69:F186,3,FALSE) -> M2 | D74: =VLOOKUP(A74,'CANTIDADES DE OBRA'!A69:F186,4,FALSE) -> 48.31 | F74: =+E74*D74 -> 0
A75: 23.12 | B75: =VLOOKUP(A75,'CANTIDADES DE OBRA'!A70:F187,2,FALSE) -> BORDILLO PREFABRICADO TIPO A-10 | C75: =VLOOKUP(A75,'CANTIDADES DE OBRA'!A70:F187,3,FALSE) -> ML | D75: =VLOOKUP(A75,'CANTIDADES DE OBRA'!A70:F187,4,FALSE) -> 92.59 | F75: =+E75*D75 -> 0
A76: 23.13 | B76: =VLOOKUP(A76,'CANTIDADES DE OBRA'!A71:F188,2,FALSE) -> TOPELLANTA 45CM X 11CM X 10CM, INLUYE ACCESORIOS PARA SU CORRECTA INSTALACION Y PUESTA EN SERVICIO | C76: =VLOOKUP(A76,'CANTIDADES DE OBRA'!A71:F188,3,FALSE) -> UN | D76: =VLOOKUP(A76,'CANTIDADES DE OBRA'!A71:F188,4,FALSE) -> 70 | F76: =+E76*D76 -> 0
A77: 23.14 | B77: =VLOOKUP(A77,'CANTIDADES DE OBRA'!A72:F189,2,FALSE) -> BORDILLO BAJO RAMPA A-85 | C77: =VLOOKUP(A77,'CANTIDADES DE OBRA'!A72:F189,3,FALSE) -> ML | D77: =VLOOKUP(A77,'CANTIDADES DE OBRA'!A72:F189,4,FALSE) -> 73.5 | F77: =+E77*D77 -> 0
A78: 23.15 | B78: =VLOOKUP(A78,'CANTIDADES DE OBRA'!A73:F190,2,FALSE) -> BORDILLO DE CONFINAMIENTO A-80 | C78: =VLOOKUP(A78,'CANTIDADES DE OBRA'!A73:F190,3,FALSE) -> ML | D78: =VLOOKUP(A78,'CANTIDADES DE OBRA'!A73:F190,4,FALSE) -> 43.05 | F78: =+E78*D78 -> 0
A79: 23.16 | B79: =VLOOKUP(A79,'CANTIDADES DE OBRA'!A74:F191,2,FALSE) -> POMPEYANO EN CONCRETO MR-45 DE E=0,20M ESTAMPADO DE ACUERDO A ESPECIFICACIONES TECNICAS, INCLUYE CURADO, MALLA DE REFUERZO, SUMINISTRO DEL ESTAMPADO DEL CONCRETO CON COLOR, DESMOLDANTE, MOLDE Y TODO LO NECESARIO PARA SU CORRECTA INSTALACION Y PUESTA EN SERVICIO. | C79: =VLOOKUP(A79,'CANTIDADES DE OBRA'!A74:F191,3,FALSE) -> M2 | D79: =VLOOKUP(A79,'CANTIDADES DE OBRA'!A74:F191,4,FALSE) -> 89.25 | F79: =+E79*D79 -> 0
A80: 23.17 | B80: =VLOOKUP(A80,'CANTIDADES DE OBRA'!A75:F192,2,FALSE) -> TACHONES REFLECTIVOS | C80: =VLOOKUP(A80,'CANTIDADES DE OBRA'!A75:F192,3,FALSE) -> UN | D80: =VLOOKUP(A80,'CANTIDADES DE OBRA'!A75:F192,4,FALSE) -> 42 | F80: =+E80*D80 -> 0
A81: 23.18 | B81: =VLOOKUP(A81,'CANTIDADES DE OBRA'!A76:F193,2,FALSE) -> DELINEADORES TUBULARES H=0,75mt, Ø0,008m | C81: =VLOOKUP(A81,'CANTIDADES DE OBRA'!A76:F193,3,FALSE) -> UN | D81: =VLOOKUP(A81,'CANTIDADES DE OBRA'!A76:F193,4,FALSE) -> 14 | F81: =+E81*D81 -> 0
A82: 23.19 | B82: =VLOOKUP(A82,'CANTIDADES DE OBRA'!A77:F194,2,FALSE) -> DEMARCACION CICLOVIA CON PINTURA TRAFICO REFLECTIVA PARA POMPEYANO E ISLETA | C82: =VLOOKUP(A82,'CANTIDADES DE OBRA'!A77:F194,3,FALSE) -> M2 | D82: =VLOOKUP(A82,'CANTIDADES DE OBRA'!A77:F194,4,FALSE) -> 63.53 | F82: =+E82*D82 -> 0
A83: 23.20 | B83: =VLOOKUP(A83,'CANTIDADES DE OBRA'!A78:F195,2,FALSE) -> MANTENIMIENTO Y LIMPIEZA DE ANDEN EXISTENTE | C83: =VLOOKUP(A83,'CANTIDADES DE OBRA'!A78:F195,3,FALSE) -> M2 | D83: =VLOOKUP(A83,'CANTIDADES DE OBRA'!A78:F195,4,FALSE) -> 330.75 | F83: =+E83*D83 -> 0
A84: 23.21 | B84: =VLOOKUP(A84,'CANTIDADES DE OBRA'!A79:F196,2,FALSE) -> DEMOLICION DE CARPETA ASFALTICA E=10 CM , INCLUYE RETIRO | C84: =VLOOKUP(A84,'CANTIDADES DE OBRA'!A79:F196,3,FALSE) -> M2 | D84: =VLOOKUP(A84,'CANTIDADES DE OBRA'!A79:F196,4,FALSE) -> 63 | F84: =+E84*D84 -> 0
... A90: 23.27 | B90: =VLOOKUP(A90,'CANTIDADES DE OBRA'!A85:F202,2,FALSE) -> BORDILLO FUNDIDO EN SITIO EN CONCRETO DE 3000 PSI E= 0,10M. INCLUYE MATERIALES, FORMALETA, TEXTURIZADO, CURADO Y MALLA ELECTROSOLDADA | C90: =VLOOKUP(A90,'CANTIDADES DE OBRA'!A85:F202,3,FALSE) -> M2 | D90: =VLOOKUP(A90,'CANTIDADES DE OBRA'!A85:F202,4,FALSE) -> 3.28 | F90: =+E90*D90 -> 0
A91: 23.28 | B91: =VLOOKUP(A91,'CANTIDADES DE OBRA'!$A$17:$F$128,2,FALSE) -> TACHAS REFLECTIVAS BIDIRECCIONAL BLANCA - ROJA | C91: =VLOOKUP(A91,'CANTIDADES DE OBRA'!$A$17:$F$128,3,FALSE) -> UN | D91: =VLOOKUP(A91,'CANTIDADES DE OBRA'!A86:F203,4,FALSE) -> 14 | F91: =+E91*D91 -> 0
A92: 23.29 | B92: =VLOOKUP(A92,'CANTIDADES DE OBRA'!$A$17:$F$128,2,FALSE) -> LIMPIEZA DE LA SUPERFICIE, CON CHORRO DE AGUA A UNA PRESIÓN MÍNIMA DE 3500 PSI. INCLUYE APLICACIÓN DE DESENGRASANTE BIODEGRADABLE TIPO SIKAGUARD-719W O SIMILAR. INCLUYE MANO DE OBRA, HERRAMIENTAS, EQUIPOS, MATERIALES Y DEMÁS ASPECTOS NECESARIOS PARA LLEVARA ACABO DICHA ACTIVIDAD. | C92: =VLOOKUP(A92,'CANTIDADES DE OBRA'!$A$17:$F$128,3,FALSE) -> M2 | D92: =VLOOKUP(A92,'CANTIDADES DE OBRA'!$A$17:$F$128,4,FALSE) -> 509.25 | F92: =+E92*D92 -> 0
A93: 23.30 | B93: =VLOOKUP(A93,'CANTIDADES DE OBRA'!$A$17:$F$128,2,FALSE) -> MANTENIMIENTO Y LIMPIEZA DE SUMIDEROS EXISTENTE | C93: =VLOOKUP(A93,'CANTIDADES DE OBRA'!$A$17:$F$128,3,FALSE) -> UN | D93: =VLOOKUP(A93,'CANTIDADES DE OBRA'!$A$17:$F$128,4,FALSE) -> 3 | F93: =+E93*D93 -> 0
A94: 23.31 | B94: =VLOOKUP(A94,'CANTIDADES DE OBRA'!$A$17:$F$128,2,FALSE) -> BORDILLO B-20 PARA CONTENEDOR DE RAICES | C94: =VLOOKUP(A94,'CANTIDADES DE OBRA'!$A$17:$F$128,3,FALSE) -> UN | D94: =VLOOKUP(A94,'CANTIDADES DE OBRA'!$A$17:$F$128,4,FALSE) -> 30 | F94: =+E94*D94 -> 0
A95: 24 | B95: ASEO Y RETIRO DE ESCOMPROS | F95: =SUM(F96:F97) -> 0
A96: 24.1 | B96: =VLOOKUP(A96,'CANTIDADES DE OBRA'!A91:F178,2,FALSE) -> ASEO GENERAL INTERIOR Y EXTERIOR FINAL DE OBRA | C96: =VLOOKUP(A96,'CANTIDADES DE OBRA'!A91:F178,3,FALSE) -> M2 | D96: =VLOOKUP(A96,'CANTIDADES DE OBRA'!A91:F178,4,FALSE) -> 1302 | F96: =+E96*D96 -> 0
A97: 24.2 | B97: =VLOOKUP(A97,'CANTIDADES DE OBRA'!A92:F179,2,FALSE) -> RETIRO DE SOBRANTES FUERA DE LA UNIDAD | C97: =VLOOKUP(A97,'CANTIDADES DE OBRA'!A92:F179,3,FALSE) -> M3 | D97: =VLOOKUP(A97,'CANTIDADES DE OBRA'!A92:F179,4,FALSE) -> 75 | F97: =+E97*D97 -> 0
A99: TOTAL Costos directos | F99: =SUM(F17:F97)/2 -> 0
A100: ADMINISTRACION | F100: =ROUNDUP(($F$99*D100),0) -> 0
A101: IMPREVISTOS | F101: =ROUNDUP(($F$99*D101),0) -> 0
A102: UTILIDAD | F102: =ROUNDUP(($F$99*D102),0) -> 0
A103: IVA SOBRE UTILIDAD | F103: =ROUNDUP(($F$102*D103),0) -> 0
A104: TOTAL Costos indirectos | F104: =SUM(F100:F103) -> 0
A106: TOTAL OBRA | F106: =+F104+F99 -> 0
A108: 26 | B108: SERVICIOS DE CONTROL DE CALIDAD, INSPECCIÓN, ESTUDIOS TÉCNICOS REPRESENTATIVOS | F108: =+F110+F111 -> 0
A109: 26.1 | B109: DISEÑO E IMPLEMENTACION DEL PLAN DE MANEJO DE TRANISTO, INCLUYE MODELACION DE MOVILIDAD, SEÑALIZACION, PERSONAL Y TODO LO NECESARIO PARA SU CORRECTA IMPLEMENTACION. | C109: =IFERROR(VLOOKUP(A109,'CANTIDADES DE OBRA'!A104:F192,3,FALSE),"") -> UN | D109: =IFERROR(VLOOKUP(A109,'CANTIDADES DE OBRA'!A104:F192,4,FALSE),"") -> 1 | F109: =IFERROR((E109*D109),"") -> 0
A110: Sub total | F110: =SUM(F109) -> 0
A111: IVA | E111: 0.19 | F111: =ROUNDUP(($F$110*E111),0) -> 0
A114: 27 | B114: EQUIPOS | F114: =+F115+F120 -> 0
A115: 27.1 | B115: EQUIPOS ELECTRICOS | F115: =+F117+F118 -> 0
...

Sheet ICA Y FIC
A1: ICA OBRA | B1: 3,3/1000 | C1: =3.3/1000 -> 0.0033 | D1: =+PRESUPUESTO!#REF! -> #REF! | E1: =+D1*C1 -> #REF!
A2: ICA EQUIPOS | B2: 7,7/1000 | C2: =7.7/1000 -> 0.0077 | D2: =+PRESUPUESTO!#REF! -> #REF! | E2: =+D2*C2 -> #REF!
A3: FIC | B3: 1 SMMLV | D3: 1300000 | E3: =+D3 -> 1300000
E4: =+E3+E2+E1 -> #REF!

Sheet CANTIDADES DE OBRA
F2: =TODAY() -> 45758
A4: TRAMITES, SERVICIOS Y OBRA PUBLICA PARA EL CUMPLIMIENTO DEL PLAN DE REGULARIZACIÓN Y MANEJO DEL DISPENSARIO CONJUNTO DE SANIDAD MILITAR FAC-ARC EN LA CIUDAD DE BOGOTÁ D.C, CONFORME ANEXO TECNICO Y DEMÁS ESPECIFICACIONES TÉCNICAS QUE RIGEN EL PROCESO
A6: MINISTERIO DE DEFENSA NACIONAL
A8: FUERZA AEROESPACIAL COLOMBIANA
A10: NOTAS:
A11: a) El presente presupuesto, cantidades de obra y analisis de precios unitarios que a continuación se presentan son aproximadas y son un estimado para la elaboración del proyecto por parte del contratista, el cual debera realizar su propio presupuesto y analisis de precios unitarios teniendo en cuenta las consideraciones aquí presentadas.
A12: b) Su pago será determinado por la obra medida, realmente ejecutada, previa medición por parte de la interventoría y/o supervisor.
A13: c) Durante la ejecución de la obra se deben verificar las medidas por parte del contratista y la interventoría.
A14: d) El contratista deberá prever todos los costos correspondientes a materiales, mano de obra, transportes y demás costos directos e indirectos requeridos para realizar la totalidad de las obras.
A15: PRESUPUESTO
A16: Ítem | B16: Actividad | C16: Unidad | D16: Cantidad | E16: Vr. Unitario | F16: Vr. Total | H16: ARQUITECTURA | I16: CIVIL | J16: ELECTRICO | K16: HIDROSANITARIO | L16: REDES | M16: MECANICO | N16: VIAS
A17: 1 | B17: PRELIMINARES | F17: =SUM(F18:F21) -> 0
A18: 1.1 | B18: CAMPAMENTO DE 36 M2 | C18: UN | D18: 1 | F18: =+E18*D18 -> 0
A19: 1.2 | B19: DEMOLICIÓN DE PLACAS MACIZAS E= 015 INCLUYE RETIRO | C19: M2 | D19: =1372+190.7 -> 1562.7 | F19: =+E19*D19 -> 0
A20: 1.3 | B20: DEMOLICION TOTAL EDIFICACIONES ALTURA 5,50 A 6,00 2 PISOS O MAS CON MAQUINARIA INCLUYE EL RETIRO DEL MATERIAL DEMOLIDO | C20: M2 | D20: 220 | F20: =+E20*D20 -> 0
A21: 1.4 | B21: DEMOLICION TOTAL EDIFICACIONES ALTURA 6,01 A 8,00 3 PISOS O MAS CON MAQUINARIA INCLUYE EL RETIRO DEL MATERIAL DEMOLIDO | C21: M2 | D21: 664 | F21: =+E21*D21 -> 0
A22: 2 | B22: MOVIMIENTO DE TIERRAS | F22: =SUM(F23) -> 0
A23: 2.1 | B23: EXCAVACION MANUAL EN TERRENO CONSISTENTE, NO INCLUYE CARGUE, RETIRO Y DISPOCISION FINAL DE EXCAVACION | C23: M3 | D23: 71 | F23: =+E23*D23 -> 0
A24: 3 | B24: CIMENTACION | F24: =SUM(F25:F30) -> 0
A25: 3.1 | B25: COMPACTACIÓN DE CAPA SUBRASANTE HASTA ALCANZAR CBR=95% DEL PROCTOR MODIFICADO | C25: M2 | D25: =51+100.04 -> 151.04 | F25: =+E25*D25 -> 0
A26: 3.2 | B26: RELLENO COMPACTADO AL 95% DEL PROCTOR MODIFICADO TIPO SUB-BASE B-200 SEGÚN PLANOS. INCLUYE SUMINISTRO, EXTENDIDO, NIVELACIÓN, HUMEDECIMIENTO Y COMPACTACIÓN. | C26: M3 | D26: 65 | F26: =+E26*D26 -> 0
A27: 3.3 | B27: SOLADO DE LIMPIEZA EN CONCRETO DE 2.000 PSI DE E=0.05 M SEGÚN PLANOS. INCLUYE MATERIALES, MANO DE OBRA, EQUIPOS Y HERRAMIENTAS NECESARIAS | C27: M2 | D27: 121 | F27: =+E27*D27 -> 0
A28: 3.4 | B28: ZAPATA EN CONCRETO DE 3.000 PSI IMPERMEABILIZADO SEGÚN PLANOS. INCLUYE, MANO DE OBRA, FORMALETAS, EQUIPOS Y HERRAMIENTAS NECESARIAS, NO INCLUYE ACERO DE REFUERZO | C28: M3 | D28: 5 | F28: =+E28*D28 -> 0
A29: 3.5 | B29: VIGAS DE CIMENTACION EN CONCRETO DE 3.000 PSI IMPERMEABILIZADO SEGÚN PLANOS. INCLUYE MANO DE OBRA, FORMALETAS, EQUIPOS Y HERRAMIENTAS NECESARIAS, NO INCLUYE ACERO DE REFUERZO. | C29: M3 | D29: 4 | F29: =+E29*D29 -> 0
A30: 3.6 | B30: JUNTA DE DILATACIÓN ENTRE COLUMNAS, MUROS O ELEMENTOS VERTICALES TIPO SIKAFLEX-ICOPOR O SIMILAR (INCLUYE MANO DE OBRA, EQUIPOS Y HERRAMIENTAS NECESARIAS) | C30: ML | D30: 30 | F30: =+E30*D30 -> 0
A31: 4 | B31: ESTRUCTURA | F31: =SUM(F32:F33) -> 0
A32: 4.1 | B32: COLUMNA EN CONCRETO DE 3.000 PSI SEGÚN PLANOS. INCLUYE MANO DE OBRA, FORMALETAS, EQUIPOS Y HERRAMIENTAS NECESARIAS, NO INCLUYE ACERO DE REFUERZO | C32: M3 | D32: 7 | F32: =+E32*D32 -> 0
A33: 4.2 | B33: ACERO DE REFUERZO ESTRUCTURAL FY: 420 MPA GR 60 -NTC 2289 INCLUYE ALAMBRE NEGRO . TRASIEGO, MANEJO | C33: KG | D33: 3087 | F33: =+E33*D33 -> 0
A34: 5 | B34: MAMPOSTERIA | F34: =SUM(F35:F36) -> 0
A35: 5.1 | B35: ALFAJÍA EN CONCRETO DE 3000 PSI A=025. (INCLUYE REFUERZO) | C35: ML | D35: 28.3 | F35: =+E35*D35 -> 0
A36: 5.2 | B36: MURO EN LADRILLO GRAN FORMATO TERRACOTA 39X11,5X5 INCLUYE ACERO DE REFUERZO MORTERO RELLENO DE DOVELAS PEGA Y ANCLAJES . | C36: ML | D36: 28.3 | F36: =+E36*D36 -> 0
A37: 6 | B37: INSTALACIONES HIDROSANITARIAS | F37: =SUM(F39:F40) -> 0
A38: 6.1 | B38: INFRAESTRUCTURA AGUAS LLUVIAS
A39: 6.1.1 | B39: CAÑUELA PREFABRICADA A-120 22X30X80, INCLUYE TODO LO NECESARIO PARA SU CORRECTA INSTALACIÓN Y FUNCIONAMIENTO | C39: UN | D39: 88 | F39: =+E39*D39 -> 0
A40: 6.1.2 | B40: LIMPIEZA CANAL AGUAS LLUVIAS, EXISTENTE | C40: ML | D40: 107.1 | F40: =+E40*D40 -> 0
A41: 7 | B41: INSTALACIONES ELECTRICAS | F41: =SUM(F42:F44) -> 0
A42: 7.1 | B42: LÁMPARA LED SOLAR DE 400W PARA ALUMBRADO EXTERIOR, 36,000 LÚMENES, Y TEMPERATURA DE COLOR DE 6500K (BLANCO FRÍO). INCLUYE PANEL SOLAR MONOCRISTALINO DE 36W, BATERÍA DE 35AH, SOPORTE PARA MONTAJE EN POSTE O PARED Y CONTROL REMOTO. RESISTENTE AL AGUA CON PROTECCIÓN IP65. DIMENSIONES DE LA LÁMPARA: 56X33X12.5 CM; DIMENSIONES DEL PANEL: 60X32 CM. | C42: UN | D42: 6 | F42: =+E42*D42 -> 0
A43: 7.2 | B43: POSTE CÓNICO DE ACERO GALVANIZADO EN CALIENTE, ALTURA DE 6 METROS, CON DIÁMETRO SUPERIOR DE 60 MM Y DIÁMETRO INFERIOR DE 130 MM. ESPESOR DE 3 MM, INCLUYE PLACA BASE DE 300X300X12 MM Y PERNOS J DE ANCLAJE. CUMPLE CON NORMATIVA NCH432 PARA RESISTENCIA A CONDICIONES DE INTEMPERIE Y FUERTES RÁFAGAS DE VIENTO, ADECUADO PARA PROYECTOS DE ILUMINACIÓN EN EXTERIORES. | C43: UN | D43: 6 | F43: =+E43*D43 -> 0
A44: 7.3 | B44: LUMINARIA LED SOLAR AUTÓNOMA DE 50W, FLUJO LUMINOSO DE 6000 LM Y APERTURA DE 140°. INCLUYE PANEL SOLAR POLICRISTALINO DE 45W, BATERÍA LI-FE-PO4 DE 30AH, SOPORTE PARA MONTAJE EN POSTE O PARED, Y CONTROL REMOTO PARA PROGRAMACIÓN. IDEAL PARA ÁREAS EXTERIORES SIN NECESIDAD DE CONEXIÓN ELÉCTRICA. PROTECCIÓN IP65 E IK07. | C44: UN | D44: 4 | F44: =+E44*D44 -> 0
A45: 7.4 | B45: JUEGO DE MARCO EN ACERO Y 2 TAPAS DE CONCRETO PARA CÁMARA DE INSPECCIÓN DOBLE CS276 | C45: UN | D45: 1 | F45: =+E45*D45 -> 0
A46: 10 | B46: PAÑETES | F46: =SUM(F47) -> 0
A47: 10.1 | B47: PAÑETE IMPERMEABILIZADO COLUMNAS 1:3 - E= 15 MM. ANCHO COLUMNAS ENTRE 0,20 A 0,40 | C47: ML | D47: 115.2 | F47: =+E47*D47 -> 0
A48: 12 | B48: ACABADOS E IMPERMEABILIZACIONES | F48: =SUM(F49) -> 0
A49: 12.1 | B49: ESTUCO Y PINTURA EXTERIORES EXTRABLINDAJE ANTIHONGOS ANTIALGAS 3 MANOS (INCLUYE ESTUCO FILOS Y DILATACIONES) | C49: ML | D49: 115.2 | F49: =+E49*D49 -> 0
A50: 15 | B50: CARPINTERIA METALICA | F50: =SUM(F51) -> 0
A51: 15.1 | B51: CERRAMIENTO DE( 2.70 X 1.85 DE ALTURA) EN VARILLA CUADRADA DE 1/2 DE ACUERDO A DISEÑO BARROTES PARTE CENTRAL CIRCULOS DE 10CM EN VARILLA CUADRADA DE 1/2 CENTRO Y PUNTAS DE LANZA DECORADAS ACABADO COLOR NEGRO ELECTROESTATICA MICROTEXTURIZADO NEGRO MATE. INSTALADO | C51: M2 | D51: 53.8 | F51: =+E51*D51 -> 0
A52: 22 | B52: OBRAS GENERALES | F52: =SUM(F53:F58) -> 0
A53: 22.1 | B53: EMPRADIZACIÓN - TIERRA NEGRA ABONO Y GRAMA TIPO KIKUYO | C53: M2 | D53: =392+8.4 -> 400.4 | F53: =+E53*D53 -> 0
A54: 22.2 | B54: CONTENEDOR DE RAÍCES TIPO A 1.20X1.20 LADRILLO TOLETE LECHO FILTRANTE REF. CONT.: CARTILLA DEL ESPACIO PÚBLICO BTA | C54: UN | D54: =7 -> 7 | F54: =+E54*D54 -> 0
A55: 22.3 | B55: SIEMBRA DE ESPECIE ARBOREA TIPO CAYENO H= 50 CM MINIMO , (INCLUYE TIERRA NEGRA, TUTOR, ABONO Y HIDRORETENEDOR HIDROGEL ) | C55: UN | D55: 2 | F55: =+E55*D55 -> 0
A56: 22.4 | B56: SIEMBRA DE ESPECIE ARBOREA TIPO AYER HOY Y MAÑANA H= 50 CM MINIMO , (INCLUYE TIERRA NEGRA, TUTOR, ABONO Y HIDRORETENEDOR HIDROGEL ) | C56: UN | D56: 2 | F56: =+E56*D56 -> 0
A57: 22.5 | B57: SIEMBRA DE ESPECIE ARBOREA TIPO ALCAPARRO ENANO H= 70 CM MINIMO , (INCLUYE TIERRA NEGRA, TUTOR, ABONO Y HIDRORETENEDOR HIDROGEL ) | C57: UN | D57: 2 | F57: =+E57*D57 -> 0
A58: 22.6 | B58: SIEMBRA DE ESPECIE ARBOREA TIPO EUGENIA H= 50 CM MINIMO , (INCLUYE TIERRA NEGRA, ABONO Y HIDRORETENEDOR HIDROGEL ) | C58: UN | D58: 140 | F58: =+E58*D58 -> 0
A59: 23 | B59: URBANISMO | F59: =SUM(F60:F78) -> 0
A60: 23.1 | B60: EXCAVACION MECANICA , NO INCLUYE CARGUE, RETIRO Y DISPOCISIÓN FINAL DE EXCAVACION | C60: M3 | D60: 1028.63 | F60: =+E60*D60 -> 0
A61: 23.2 | B61: TRANSPORTE DE MATERIAL DE EXCAVACION A SITIO AUTORIZADO. | C61: M3 | D61: 1337.22 | F61: =+E61*D61 -> 0
A62: 23.3 | B62: NIVELACIÓN, CONFORMACIÓN Y COMPACTACIÓN DE LA SUB-RASANTE HASTA OBTENER UN CBR URBANO DEL 95%. | C62: M2 | D62: 1137.15 | F62: =+E62*D62 -> 0
A63: 23.4 | B63: EXTENDIDO Y COMPACTACION SUBBASE GRANULAR CLASE B | C63: M3 | D63: 293.9 | F63: =+E63*D63 -> 0
A64: 23.5 | B64: EXTENDIDO Y COMPACTACION BASE GRANULAR CLASE B | C64: M3 | D64: 244.91 | F64: =+E64*D64 -> 0
A65: 23.6 | B65: EXTENDIDO Y COMPACTACION DE BASE ESTABILIZADORA EN RAJON | C65: M3 | D65: 391.86 | F65: =+E65*D65 -> 0
A66: 23.7 | B66: GEOTEXTIL BX 40 O SIMILAR | C66: M2 | D66: 979.65 | F66: =+E66*D66 -> 0
A67: 23.8 | B67: IMPRIMACION CON EMULSIÓN ASFALTICA (CRL) | C67: M2 | D67: 1048.01 | F67: =+E67*D67 -> 0
A68: 23.9 | B68: PAVIMENTO ASFÁLTICO (MDC - 19 INVIAS) | C68: M3 | D68: 104.8 | F68: =+E68*D68 -> 0
A69: 23.10 | B69: MARCAS VIALES CON PINTURA TRAFICO BLANCO Y AMARILLO REFLECTIVA CON MICROESFERAS. | C69: M2 | D69: 152.37 | F69: =+E69*D69 -> 0
A70: 23.11 | B70: MARCACION DE DISCAPACITADOS CON PINTURA TRAFICO AZUL Y BLANCO REFLECTIVA CON MICROESFERAS | C70: M2 | D70: 48.31 | F70: =+E70*D70 -> 0
A71: 23.12 | B71: BORDILLO PREFABRICADO TIPO A-10 | C71: ML | D71: 92.59 | F71: =+E71*D71 -> 0
... A90: 23.31 | B90: BORDILLO B-20 PARA CONTENEDOR DE RAICES | C90: UN | D90: 30 | F90: =+E90*D90 -> 0
A91: 24 | B91: ASEO Y RETIRO DE ESCOMPROS | F91: =SUM(F92:F93) -> 0
A92: 24.1 | B92: ASEO GENERAL INTERIOR Y EXTERIOR FINAL DE OBRA | C92: M2 | D92: 1302 | F92: =+E92*D92 -> 0
A93: 24.2 | B93: RETIRO DE SOBRANTES FUERA DE LA UNIDAD | C93: M3 | D93: 75 | F93: =+E93*D93 -> 0
A95: TOTAL Costos directos | F95: 0
A96: ADMINISTRACION | D96: 0 | F96: =ROUNDUP(($F$95*D96),0) -> 0
A97: IMPREVISTOS | D97: 0.01 | F97: =ROUNDUP(($F$95*D97),0) -> 0
A98: UTILIDAD | D98: 0.04 | F98: =ROUNDUP(($F$95*D98),0) -> 0
A99: IVA SOBRE UTILIDAD | D99: 0.19 | F99: =ROUNDUP(($F$98*D99),0) -> 0
A100: TOTAL Costos indirectos | F100: =SUM(F96:F99) -> 0
A102: TOTAL OBRA | F102: =+F100+F95 -> 0
A104: 26 | B104: SERVICIOS DE CONTROL DE CALIDAD, INSPECCIÓN, ESTUDIOS TÉCNICOS REPRESENTATIVOS | F104: =+F105 -> 0
A105: 26.1 | B105: ESTUDIO E IMPLEMENTACIÓN DEL PLAN DE MANEJO DE TRANSITO | C105: UN | D105: 1 | F105: =+D105*E105 -> 0
A106: Sub total | F106: =SUM(F105) -> 0
A107: IVA | E107: 0.19 | F107: =+E107*F106 -> 0
A109: 27 | B109: EQUIPOS | F109: =+F110+F115 -> 0
A110: 27.1 | B110: EQUIPOS ELECTRICOS | F110: =+F112+F113 -> 0
A111: 27.1.1 | D111: =ROUNDUP(SUM(H111:N111),0) -> 0 | F111: =+D111*E111 -> 0
A112: Sub total | F112: =SUM(F111) -> 0
A113: IVA | E113: 0.19 | F113: =+E113*F112 -> 0
A115: 27.2 | B115: EQUIPOS MECANICOS | F115: =+F117+F118 -> 0
A116: 27.2.1 | D116: =ROUNDUP(SUM(H116:N116),0) -> 0 | F116: =+D116*E116 -> 0
A117: Sub total | F117: =SUM(F116) -> 0
A118: IVA | E118: 0.19 | F118: =+E118*F117 -> 0
A120: 28 | B120: EQUIPOS EXENTOS DE IVA | F120: =+F123+F124 -> 0
A121: 28.1 | B121: EQUIPOS DE COMUNICACIONEZ, VOZ Y DATOS.
A122: 28.1.1 | D122: =ROUNDUP(SUM(H122:N122),0) -> 0 | F122: =+D122*E122 -> 0
A123: Sub total | F123: =+F122 -> 0
A124: IVA | E124: 0.19 | F124: =+E124*F123 -> 0
A126: TOTAL EQUIPOS | F126: =+F104+F120+F109 -> 0
A128: TOTAL OBRA + EQUIPOS | F128: =+F102+F126 -> 0
B130: COMITÉ TÉCNICO ESTRUCTURADOR:
B134: TE. SAGOBAL DAZA OSCAR FERNANDO | D134: ST. MATEUS GUERRERO YEIMY SAMANTA
B135: Esp. Ingeniero Electrico - DIFRA | D135: Esp. Ingeniero Hidrosanitario - DIFRA
...

Sheet APUS MECANICOS Y EQUIPOS
A3: LABORATORIOS EMAVI FASE IV | G3: Capitulo | J3: 9 INSTALACIONES MECANICOS
G4: SubCap. | J4: 9 INSTALACIONES MECANICOS
G5: Actividad | J5: 9,1 INSTALACIÓN CHILLERS CONDESADOS POR AIRE
G6: U.M. | J6: un
A8: 1 | C8: Materiales
A10: Descripción | F10: U.M. | K10: Vr. Unitario | M10: Cantidad | O10: Vr. Parcial
A11: INSTALACIÓN CHILLERS CONDESADOS POR AIRE, INCLUYE MANO DE OBRA Y DEMAS ELEMENTOS NECESARIOS PARA SU CORRECTO FUNCIONAMIENTO. | F11: Unidad | K11: 8056610 | M11: 1 | O11: =+M11*K11 -> 8056610 | Q11: 15430371
L12: Total | M12: Materiales | O12: =+O11 -> 8056610
A13: 2 | C13: Equipos
A15: Descripción | F15: U.M. | K15: Vr. Unitario | M15: Cantidad | O15: Vr. Parcial
K16: 0 | M16: 0 | O16: =+K16*M16 -> 0
L17: Total | M17: Equipos | O17: =+O16 -> 0
A18: 3 | C18: Mano de Obra
A20: Descripción | F20: U.M. | K20: Vr. Unitario | M20: Cantidad | O20: Vr. Parcial
K21: 0 | M21: 0 | O21: =+K21*M21 -> 0
L22: Total | M22: Mano de Obra | O22: =+O21 -> 0
A23: 4 | C23: Transporte
A25: Descripción | F25: U.M. | K25: Vr. Unitario | M25: Cantidad | O25: Vr. Parcial
K26: 0 | M26: 0 | O26: =+K26*M26 -> 0
L27: Total | M27: Transporte | O27: =+O26 -> 0
I29: Total Costos Directos Actividad: | N29: =+O27+O22+O17+O12 -> 8056610
A33: LABORATORIOS EMAVI FASE IV | G33: Capitulo | J33: 9 INSTALACIONES MECANICOS
G34: SubCap. | J34: 9 INSTALACIONES MECANICOS
G35: Actividad | J35: 9,2 INSTALACIÓN CHILLER FRIO-CALOR (ERACS2-Q-G05/CA1062)
G36: U.M. | J36: un
A38: 1 | C38: Materiales
A40: Descripción | F40: U.M. | K40: Vr. Unitario | M40: Cantidad | O40: Vr. Parcial
A41: INSTALACIÓN CHILLER FRIO-CALOR (ERACS2-Q G05/CA1062), INCLUYE MANO DE OBRA Y DEMAS ELEMENTOS NECESARIOS PARA SU CORRECTO FUNCIONAMIENTO. | F41: Unidad | K41: 8056610 | M41: 1 | O41: =+M41*K41 -> 8056610 | Q41: 15430371
L42: Total | M42: Materiales | O42: =+O41 -> 8056610
A43: 2 | C43: Equipos
A45: Descripción | F45: U.M. | K45: Vr. Unitario | M45: Cantidad | O45: Vr. Parcial
K46: 0 | M46: 0 | O46: =+K46*M46 -> 0
L47: Total | M47: Equipos | O47: =+O46 -> 0
A48: 3 | C48: Mano de Obra
A50: Descripción | F50: U.M. | K50: Vr. Unitario | M50: Cantidad | O50: Vr. Parcial
K51: 0 | M51: 0 | O51: =+K51*M51 -> 0
L52: Total | M52: Mano de Obra | O52: =+O51 -> 0
A53: 4 | C53: Transporte
A55: Descripción | F55: U.M. | K55: Vr. Unitario | M55: Cantidad | O55: Vr. Parcial
K56: 0 | M56: 0 | O56: =+K56*M56 -> 0
L57: Total | M57: Transporte | O57: =+O56 -> 0
I59: Total Costos Directos Actividad: | N59: =+O57+O52+O47+O42 -> 8056610
A63: LABORATORIOS EMAVI FASE IV | G63: Capitulo | J63: 9 INSTALACIONES MECANICOS
G64: SubCap. | J64: 9 INSTALACIONES MECANICOS
G65: Actividad | J65: 9,3 INSTALACIÓN UMA-01A (LAB ISO 7)
G66: U.M. | J66: un
A68: 1 | C68: Materiales
A70: Descripción | F70: U.M. | K70: Vr. Unitario | M70: Cantidad | O70: Vr. Parcial
A71: INSTALACIÓN UMA-01A (LAB ISO 7), INCLUYE MANO DE OBRA Y DEMAS ELEMENTOS NECESARIOS PARA SU CORRECTO FUNCIONAMIENTO. | F71: Unidad | K71: 6167064 | M71: 1 | O71: =+M71*K71 -> 6167064 | Q71: 15430371
L72: Total | M72: Materiales | O72: =+O71 -> 6167064
A73: 2 | C73: Equipos
A75: Descripción | F75: U.M. | K75: Vr. Unitario | M75: Cantidad | O75: Vr. Parcial
K76: 0 | M76: 0 | O76: =+K76*M76 -> 0
L77: Total | M77: Equipos | O77: =+O76 -> 0
A78: 3 | C78: Mano de Obra
A80: Descripción | F80: U.M. | K80: Vr. Unitario | M80: Cantidad | O80: Vr. Parcial
K81: 0 | M81: 0 | O81: =+K81*M81 -> 0
L82: Total | M82: Mano de Obra | O82: =+O81 -> 0
A83: 4 | C83: Transporte
A85: Descripción | F85: U.M. | K85: Vr. Unitario | M85: Cantidad | O85: Vr. Parcial
K86: 0 | M86: 0 | O86: =+K86*M86 -> 0
L87: Total | M87: Transporte | O87: =+O86 -> 0
I89: Total Costos Directos Actividad: | N89: =+O87+O82+O77+O72 -> 6167064
A93: LABORATORIOS EMAVI FASE IV | G93: Capitulo | J93: 9 INSTALACIONES MECANICOS
G94: SubCap. | J94: 9 INSTALACIONES MECANICOS
G95: Actividad | J95: 9,4 INSTALACIÓN UMA-01B (LAB ISO 7)
G96: U.M. | J96: un
A98: 1 | C98: Materiales
A100: Descripción | F100: U.M. | K100: Vr. Unitario | M100: Cantidad | O100: Vr. Parcial
A101: INSTALACIÓN UMA-01B (LAB ISO 7), INCLUYE MANO DE OBRA Y DEMAS ELEMENTOS NECESARIOS PARA SU CORRECTO FUNCIONAMIENTO. | F101: Unidad | K101: 6167064 | M101: 1 | O101: =+M101*K101 -> 6167064 | Q101: 15430371
L102: Total | M102: Materiales | O102: =+O101 -> 6167064
A103: 2 | C103: Equipos
A105: Descripción | F105: U.M. | K105: Vr. Unitario | M105: Cantidad | O105: Vr. Parcial
K106: 0 | M106: 0 | O106: =+K106*M106 -> 0
L107: Total | M107: Equipos | O107: =+O106 -> 0
A108: 3 | C108: Mano de Obra
A110: Descripción | F110: U.M. | K110: Vr. Unitario | M110: Cantidad | O110: Vr. Parcial
K111: 0 | M111: 0 | O111: =+K111*M111 -> 0
L112: Total | M112: Mano de Obra | O112: =+O111 -> 0
A113: 4 | C113: Transporte
A115: Descripción | F115: U.M. | K115: Vr. Unitario | M115: Cantidad | O115: Vr. Parcial
K116: 0 | M116: 0 | O116: =+K116*M116 -> 0
L117: Total | M117: Transporte | O117: =+O116 -> 0
I119: Total Costos Directos Actividad: | N119: =+O117+O112+O107+O102 -> 6167064
A123: LABORATORIOS EMAVI FASE IV | G123: Capitulo | J123: 9 INSTALACIONES MECANICOS
G124: SubCap. | J124: 9 INSTALACIONES MECANICOS
G125: Actividad | J125: 9,5 INSTALACIÓN UMA-02A (LAB ISO 8)
G126: U.M. | J126: un
A128: 1 | C128: Materiales
A130: Descripción | F130: U.M. | K130: Vr. Unitario | M130: Cantidad | O130: Vr. Parcial
A131: INSTALACIÓN UMA-02A (LAB ISO 8), INCLUYE MANO DE OBRA Y DEMAS ELEMENTOS NECESARIOS PARA SU CORRECTO FUNCIONAMIENTO. | F131: Unidad | K131: 6167064 | M131: 1 | O131: =+M131*K131 -> 6167064 | Q131: 15430371
L132: Total | M132: Materiales | O132: =+O131 -> 6167064
A133: 2 | C133: Equipos
A135: Descripción | F135: U.M. | K135: Vr. Unitario | M135: Cantidad | O135: Vr. Parcial
K136: 0 | M136: 0 | O136: =+K136*M136 -> 0
L137: Total | M137: Equipos | O137: =+O136 -> 0
A138: 3 | C138: Mano de Obra
A140: Descripción | F140: U.M. | K140: Vr. Unitario | M140: Cantidad | O140: Vr. Parcial
K141: 0 | M141: 0 | O141: =+K141*M141 -> 0
L142: Total | M142: Mano de Obra | O142: =+O141 -> 0
...

Sheet 1,1 FACTOR PRESTACIONAL
B5: FACTOR PRESTACIONAL
B7: VIGENTE A PARTIR DEL 1 DE ENERO DE 2024
B8: SUBSIDIO DE TRANSPORTE | E8: 162000
B9: SALARIO MINIMO | E9: 1300000
B11: SALARIO | C11: 1 SLMLV | E11: 1 1/2 SLMLV | G11: 2 SLMLV | I11: 3 SLMLV | K11: 4 SLMLV | M11: 7 SLMLV
C12: Valor | D12: ref. | E12: Valor | F12: ref. | G12: Valor | H12: ref. | I12: Valor | J12: ref. | K12: Valor | L12: ref. | M12: Valor | N12: ref.
B13: Mensual | C13: 1300000 | D13: A | E13: =E9*1.5 -> 1950000 | F13: A | G13: =C13*2 -> 2600000 | H13: A | I13: =+C13*3 -> 3900000 | J13: A | K13: =+C13*4 -> 5200000 | L13: A | M13: =+C13*7 -> 9100000 | N13: A
B14: Mensual con subsidio de transporte | C14: =+E8+E9 -> 1462000 | D14: B | E14: =+E13+E8 -> 2112000 | F14: B | G14: =+G13+E8 -> 2762000 | H14: B | I14: 0 | J14: B | K14: 0 | L14: B | M14: 0 | N14: B
B16: CALCULO DEL FACTOR PRESTACIONAL (MENSUAL)
B17: SALARIO MENSUAL | C17: Valor | D17: % | E17: Valor | F17: % | G17: Valor | H17: % | I17: Valor | J17: % | K17: Valor | L17: % | M17: Valor | N17: %
B18: Salario Mensual (30 días) | C18: =+C13 -> 1300000 | D18: =C18/C18 -> 1 | E18: =+E13 -> 1950000 | F18: =E18/E18 -> 1 | G18: =+G13 -> 2600000 | H18: =G18/G18 -> 1 | I18: =+I13 -> 3900000 | J18: =I18/I18 -> 1 | K18: =+K13 -> 5200000 | L18: =K18/K18 -> 1 | M18: =+M13 -> 9100000 | N18: =M18/M18 -> 1
B19: Subsidio de transporte Dia laborado | C19: =+E8/30*28.5 -> 153900 | D19: =+C19/C18 -> 0.11838462 | E19: =+C19 -> 153900 | F19: =E19/E18 -> 0.078923077 | G19: =+E19 -> 153900 | H19: =G19/G18 -> 0.059192308 | I19: 0 | J19: =I19/I18 -> 0 | K19: =+I19 -> 0 | L19: =K19/K18 -> 0 | M19: =+K19 -> 0 | N19: =M19/M18 -> 0
B20: COSTOS PRESTACIONAL (MENSUAL) | C20: Valor | D20: % | E20: Valor | F20: % | G20: Valor | H20: % | I20: Valor | J20: % | K20: Valor | L20: % | M20: Valor | N20: %
B21: Cesantias | C21: =+C13*D21 -> 108290 | D21: 0.0833 | E21: =(E14)/12 -> 176000 | F21: =E21/$E$14 -> 0.083333333 | G21: =(G14)/12 -> 230166.67 | H21: =G21/$G$14 -> 0.083333333 | I21: =+J21*I13 -> 324870 | J21: 0.0833 | K21: =+L21*K13 -> 433160 | L21: 0.0833 | M21: =+N21*M13 -> 758030 | N21: 0.0833
B22: Intereses a la cesantía | C22: =+C13*D22 -> 13000 | D22: 0.01 | E22: =+F22*E21 -> 1760 | F22: 0.01 | G22: =+H22*G21 -> 2301.6667 | H22: 0.01 | I22: =+J22*I21 -> 3248.7 | J22: 0.01 | K22: =+L22*K21 -> 4331.6 | L22: 0.01 | M22: =+N22*M21 -> 7580.3 | N22: 0.01
B23: Vacaciones | C23: =$C$13*0.0417 -> 54210 | D23: =C23/$C$18 -> 0.0417 | E23: =+F23*E18 -> 81315 | F23: 0.0417 | G23: =+H23*G13 -> 108420 | H23: 0.0417 | I23: =+J23*I13 -> 162630 | J23: 0.0417 | K23: =+L23*K13 -> 216840 | L23: 0.0417 | M23: =+N23*M18 -> 379470 | N23: 0.0417
B24: Prima | C24: =+C14/12 -> 121833.33 | D24: =C24/$C$14 -> 0.083333333 | E24: =+F24*E18 -> 162435 | F24: 0.0833 | G24: =+H24*G13 -> 216580 | H24: 0.0833 | I24: =+J24*I13 -> 324870 | J24: 0.0833 | K24: =+L24*K13 -> 433160 | L24: 0.0833 | M24: =+N24*M13 -> 758030 | N24: 0.0833
B25: COSTOS DOTACIONALES (MENSUAL) | C25: Valor | D25: % | E25: Valor | F25: % | G25: Valor | H25: % | I25: Valor | J25: % | K25: Valor | L25: % | M25: Valor | N25: %
B26: Botas y overol | C26: 47500 | D26: =C26/$C$18 -> 0.036538462 | E26: =+C26 -> 47500 | F26: =E26/$E$18 -> 0.024358974 | G26: =+E26 -> 47500 | H26: =G26/$G$18 -> 0.018269231 | I26: 0 | J26: 0 | K26: 0 | L26: 0 | M26: 0 | N26: 0 | AA26: =15/12 -> 1.25 | AB26: vacaciones al mes
B27: Implementos Seguridad Industrial | C27: =+AB47 -> 13016.667 | D27: =C27/$C$18 -> 0.010012821 | E27: =+C27 -> 13016.667 | F27: =E27/$E$18 -> 0.0066752137 | G27: =+E27 -> 13016.667 | H27: =G27/$G$18 -> 0.0050064103 | I27: =+G27 -> 13016.667 | J27: =+I27/I13 -> 0.0033376068 | K27: =+I27 -> 13016.667 | L27: =+K27/K13 -> 0.0025032051 | M27: =+K27 -> 13016.667 | N27: =+M27/M13 -> 0.0014304029 | AA27: =3/12 -> 0.25 | AB27: permisos al mes
B28: COSTOS SEGURIDAD SOCIAL (MENSUAL) | C28: Valor | D28: % | E28: Valor | F28: % | G28: Valor | H28: % | I28: Valor | J28: % | K28: Valor | L28: % | M28: Valor | N28: % | AA28: =+AA27+AA26 -> 1.5 | AB28: dias no laborados al mes
B29: Pensiones | C29: =C13*0.12 -> 156000 | D29: =C29/$C$18 -> 0.12 | E29: =E13*0.12 -> 234000 | F29: =E29/$E$18 -> 0.12 | G29: =G13*0.12 -> 312000 | H29: =G29/$G$18 -> 0.12 | I29: =+J29*I13 -> 468000 | J29: 0.12 | K29: =+L29*K13 -> 624000 | L29: 0.12 | M29: =+N29*M13 -> 1092000 | N29: 0.12 | AA29: =30-AA28 -> 28.5 | AB29: dias laborados al mes
B30: Salud | C30: =C13*0.085 -> 110500 | D30: =C30/$C$18 -> 0.085 | E30: =E13*0.085 -> 165750 | F30: =E30/$E$18 -> 0.085 | G30: =G13*0.085 -> 221000 | H30: =G30/$G$18 -> 0.085 | I30: =+J30*I13 -> 331500 | J30: 0.085 | K30: =+L30*K13 -> 442000 | L30: 0.085 | M30: =+N30*M13 -> 773500 | N30: 0.085
B31: Riesgos profesionales | C31: =C13*0.0696 -> 90480 | D31: =C31/$C$18 -> 0.0696 | E31: =E13*0.0696 -> 135720 | F31: =E31/$E$18 -> 0.0696 | G31: =G13*0.0696 -> 180960 | H31: =G31/$G$18 -> 0.0696 | I31: =+J31*I13 -> 271440 | J31: 0.0696 | K31: =+L31*K13 -> 361920 | L31: 0.0696 | M31: =+N31*M13 -> 633360 | N31: 0.0696
B32: COSTOS APORTES SENA (MENSUAL) | C32: Valor | D32: % | E32: Valor | F32: % | G32: Valor | H32: % | I32: Valor | J32: % | K32: Valor | L32: % | M32: Valor | N32: % | AA32: overol | AB32: 90000
B33: Aporte ordinario SENA (afectado por reforma tributaria) | C33: =C13*0 -> 0 | D33: =C33/$C$18 -> 0 | E33: =E13*0 -> 0 | F33: =E33/$E$18 -> 0 | G33: =G13*0 -> 0 | H33: =G33/$G$18 -> 0 | I33: =I13*0 -> 0 | J33: =I33/$G$18 -> 0 | K33: =K13*0 -> 0 | L33: =K33/$G$18 -> 0 | M33: =M13*0 -> 0 | N33: =M33/$G$18 -> 0 | AA33: camiseta | AB33: 20000
B34: COSTOS OTROS APORTES (MENSUAL) | C34: Valor | D34: % | E34: Valor | F34: % | G34: Valor | H34: % | I34: Valor | J34: % | K34: Valor | L34: % | M34: Valor | N34: % | AA34: botas | AB34: 80000
B35: I.C.B.F. (afectado por reforma tributaria) | C35: =C13*0 -> 0 | D35: =C35/$C$18 -> 0 | E35: =E13*0 -> 0 | F35: =E35/$C$18 -> 0 | G35: =G13*0 -> 0 | H35: =G35/$C$18 -> 0 | I35: =I13*0 -> 0 | J35: =I35/$C$18 -> 0 | K35: =K13*0 -> 0 | L35: =K35/$C$18 -> 0 | M35: =M13*0 -> 0 | N35: =M35/$C$18 -> 0 | AB35: =SUM(AB32:AB34) -> 190000
B36: Caja de Compensación | C36: =C13*0.04 -> 52000 | D36: =C36/$C$18 -> 0.04 | E36: =E13*0.04 -> 78000 | F36: =E36/$E$18 -> 0.04 | G36: =G13*0.04 -> 104000 | H36: =G36/$G$18 -> 0.04 | I36: =+J36*I13 -> 156000 | J36: 0.04 | K36: =+L36*K13 -> 208000 | L36: 0.04 | M36: =+N36*M13 -> 364000 | N36: 0.04
B37: TOTAL | C37: =SUM(C18:C36) -> 2220730 | E37: =SUM(E18:E36) -> 3199396.7 | G37: =SUM(G18:G36) -> 4189845 | I37: =SUM(I18:I36) -> 5955575.4 | K37: =SUM(K18:K36) -> 7936428.3 | M37: =SUM(M18:M36) -> 13878987 | AA37: dotacion | AB37: =+AB35/4 -> 47500
B39: FACTOR PRESTACIONAL | C39: =+C11 -> 1 SLMLV | D39: =ROUNDUP(SUM(D18:D36),2) -> 1.7 | E39: =+E11 -> 1 1/2 SLMLV | F39: =ROUNDUP(SUM(F18:F36),2) -> 1.65 | G39: =+G11 -> 2 SLMLV | H39: =ROUNDUP(SUM(H18:H37),2) -> 1.62 | I39: =+I11 -> 3 SLMLV | J39: =ROUNDUP(SUM(J18:J37),2) -> 1.54 | K39: =+K11 -> 4 SLMLV | L39: =ROUNDUP(SUM(L18:L37),2) -> 1.54 | M39: =+M11 -> 7 SLMLV | N39: =ROUNDUP(SUM(N18:N37),2) -> 1.54 | AA39: implementos
B40: NOTA: CONCEPTO 27945 DEL 8 DE NOVIEBRE DE 2019 DIRECCIÓN DE IMPUESTOS Y ADUANAS NACIONALES "ARTÍCULO 114-1, EXONERACIÓN DE APORTES. Estarán exoneradas del pago de los aportes parafiscales a favor del Servicio Nacional del Aprendizaje (SENA), del Instituto Colombiano de Bienestar Familiar (ICBF) y las cotizaciones al Régimen Contributivo de Salud, las sociedades y personas jurídicas y asimiladas contribuyentes declarantes del impuesto sobre la renta y complementarios, correspondientes a los trabajadores que devenguen, individualmente considerados, menos de diez (10) salarios mínimos mensuales legales vigentes. Así mismo las personas naturales empleadoras estarán exoneradas de la obligación de pago de los aportes parafiscales al SENA, al ICBF y al Sistema de Seguridad Social en Salud por los empleados que devenguen menos de diez (10) salados mínimos legales mensuales vigentes. | AA40: casco | AB40: 18900
AA41: guantes | AB41: 11900
B42: ANOTACION GENERAL : El Factor Prestacional Solo Aplica Para Aquellos Contratistas Que Vinculen Con Carácter Exclusivo Al Personal Profesional (Vinculo Laboral) Y No A Honorarios (Prestacion De Servicios). | AA42: gafas | AB42: 15500
AA43: botas de caucho | AB43: 32000
AA44: tapabocas | AB44: 27900
B45: CALCULO DEL VALOR DE LA HORA EFECTIVA | AA45: tapaoido | AB45: 50000
B46: SUELDO MENSUAL | C46: =C13 -> 1300000 | E46: =E13 -> 1950000 | AB46: =SUM(AB40:AB45) -> 156200
B47: SUELDO ANUAL | C47: =+C46*12 -> 15600000 | E47: =+E46*12 -> 23400000 | AB47: =+AB46/12 -> 13016.667
B48: HORAS CALENDARIO MENSUALES | C48: =30*24 -> 720 | E48: 720 | G48: 8 Horas | I48: 8 Horas | K48: 8 Horas | M48: 8 Horas
B49: HORAS LABORALES MENSUALES | C49: 235 | E49: 235 | G49: Ley 2101 | I49: Ley 2101 | K49: Ley 2101 | M49: Ley 2101
B50: HORAS EFECTIVAS MENSUALES | C50: =+C49 -> 235 | E50: =+E49 -> 235
B51: VALOR HORA CALENDARIO | C51: =C37/C48 -> 3084.3472 | D51: =C51/C51 -> 1 | E51: =E37/E48 -> 4443.6065 | F51: =E51/E51 -> 1
B52: VALOR HORA LABORAL | C52: =C37/C49 -> 9449.9149 | D52: =C52/C51 -> 3.0638298 | E52: =E37/E49 -> 13614.454 | F52: =E52/E51 -> 3.0638298
B53: VALOR HORA EFECTIVA | C53: =C37/C50 -> 9449.9149 | D53: =C53/C51 -> 3.0638298 | E53: =E37/E50 -> 13614.454 | F53: =E53/E51 -> 3.0638298
B56: NOTA: Ley 2101 plantea una desescalada gradual del tiempo de trabajo semanal con el objetivo de establecer una jornada laboral de 42 horas. Tras la primera reducción a 47 horas en julio de 2023, la jornada continuará disminuyendo paulatinamente de la siguiente forma: Desde el 15 de julio de 2024, se trabajará una hora menos respecto a 2023 (46 horas) A partir del 15 de julio de 2025, se restarán dos horas adicionales a la jornada laboral semanal (44 horas) El 15 de julio de 2026 se restarán el último par de horas, para alcanzar las 42 horas semanales
B60: FACTORES | D60: ALBAÑILERIA | E60: INSTALACIONES | F60: ACABADOS | G60: CARPINTERIA | H60: ASFALTOS | I60: CARPINTERIA | J60: ASFALTOS | K60: CARPINTERIA | L60: ASFALTOS | M60: CARPINTERIA | N60: ASFALTOS
B61: TIPO | D61: 1 | E61: 2 | F61: 3 | G61: 4 | H61: 5 | I61: 4 | J61: 5 | K61: 4 | L61: 5 | M61: 4 | N61: 5
B62: Jornal Ayudante | C62: 1 SALARIO (albañileria) | D62: =C53*8 -> 75599.319 | E62: =D62*1.17346811819596 -> 88713.391 | F62: =$D$62*1.17346811819596 -> 88713.391 | G62: =$D$62*1.17346811819596 -> 88713.391 | H62: =$D$62*1.3 -> 98279.115 | I62: =$D$62*1.17346811819596 -> 88713.391 | J62: =$D$62*1.3 -> 98279.115 | K62: =$D$62*1.17346811819596 -> 88713.391 | L62: =$D$62*1.3 -> 98279.115 | M62: =$D$62*1.17346811819596 -> 88713.391 | N62: =$D$62*1.3 -> 98279.115
B63: Valor total hora ayudante | D63: =ROUNDDOWN(D62/8,0) -> 9449 | E63: =ROUNDDOWN(E62/8,0) -> 11089 | F63: =ROUNDDOWN(F62/8,0) -> 11089 | G63: =ROUNDDOWN(G62/8,0) -> 11089 | H63: =ROUNDDOWN(H62/8,0) -> 12284 | I63: =ROUNDDOWN(I62/8,0) -> 11089 | J63: =ROUNDDOWN(J62/8,0) -> 12284 | K63: =ROUNDDOWN(K62/8,0) -> 11089 | ... N63: =ROUNDDOWN(N62/8,0) -> 12284
B64: Jornal Oficial | C64: 1.5 SALARIOS | D64: =E53*7.69056684726235 -> 104702.87 | E64: =D64*1.18149176664569 -> 123705.58 | F64: =$D$64*1.18149176664569 -> 123705.58 | G64: =$D$64*1.30248627774282 -> 136374.05 | H64: =$D$64*1.3 -> 136113.73 | I64: =$D$64*1.30248627774282 -> 136374.05 | J64: =$D$64*1.3 -> 136113.73 | K64: =$D$64*1.30248627774282 -> 136374.05 | L64: =$D$64*1.3 -> 136113.73 | M64: =$D$64*1.30248627774282 -> 136374.05 | N64: =$D$64*1.3 -> 136113.73
B65: Valor total hora oficial | D65: =ROUNDDOWN(D64/8,0) -> 13087 | E65: =ROUNDDOWN(E64/8,0) -> 15463 | F65: =ROUNDDOWN(F64/8,0) -> 15463 | G65: =ROUNDDOWN(G64/8,0) -> 17046 | H65: =ROUNDDOWN(H64/8,0) -> 17014 | I65: =ROUNDDOWN(I64/8,0) -> 17046 | J65: =ROUNDDOWN(J64/8,0) -> 17014 | K65: =ROUNDDOWN(K64/8,0) -> 17046 | ... N65: =ROUNDDOWN(N64/8,0) -> 17014
B66: Valor hora cuadrilla | D66: =D65+D63 -> 22536 | E66: =E65+E63 -> 26552 | F66: =F65+F63 -> 26552 | G66: =G65+G63 -> 28135 | H66: =H65+H63 -> 29298 | I66: =I65+I63 -> 28135 | J66: =J65+J63 -> 29298 | K66: =K65+K63 -> 28135 | ... N66: =N65+N63 -> 29298
B68: MANO DE OBRA | C68: VALOR UNITARIO | D68: UNIDAD
B69: Ayudante Albanilleria (A) | C69: =$D$63 -> 9449 | D69: hora | M69: F
B70: Ayudante Instalaciones (I) | C70: =$E$63 -> 11089 | D70: hora
B71: Ayudante Acabados (P) | C71: =$F$63 -> 11089 | D71: hora
B72: Ayudante Carpinteria (C) | C72: =$G$63 -> 11089 | D72: hora
B73: Ayudante Asfaltos (AS) | C73: =$H$63 -> 12284 | D73: hora
B74: Oficial Albanilleria (A) | C74: =$D$65 -> 13087 | D74: hora
B75: Oficial Instalaciones (I) | C75: =$E$65 -> 15463 | D75: hora
B76: Oficial Acabados (P) | C76: =$F$65 -> 15463 | D76: hora
B77: Oficial Carpinteria ( C) | C77: =$G$65 -> 17046 | D77: hora
B78: Oficial Asfaltos (OA) | C78: =$H$65 -> 17014 | D78: hora
B79: Cuadrilla Albañileria (Oficial + Ayudante) | C79: =D65+(1*D63) -> 22536 | D79: hora
B80: Cuadrilla Albañileria (Oficial + 2 Ayudantes) | C80: =D65+(2*D63) -> 31985 | D80: hora
B81: Cuadrilla Albañileria (Oficial + 3 Ayudantes) | C81: =D65+(3*D63) -> 41434 | D81: hora
B82: Cuadrilla Albañileria (Oficial + 4 Ayudantes) | C82: =D65+(4*D63) -> 50883 | D82: hora
B83: Cuadrilla Albañileria (2 Ayudantes) | C83: =(2*D63) -> 18898 | D83: hora
B84: Cuadrilla Albañileria (3 Ayudantes) | C84: =(3*D63) -> 28347 | D84: hora
B85: Cuadrilla Albañileria (4 Ayudantes) | C85: =(4*D63) -> 37796 | D85: hora
B86: Cuadrilla Instalaciones (Oficial + Ayudante) | C86: =E65+(1*E63) -> 26552 | D86: hora
B87: Cuadrilla Instalaciones (Oficial + 2 Ayudantes) | C87: =E65+(2*E63) -> 37641 | D87: hora
B88: Cuadrilla Instalaciones (Oficial + 3 Ayudantes) | C88: =E65+(3*E63) -> 48730 | D88: hora
B89: Cuadrilla Instalaciones (Oficial + 4 Ayudantes) | C89: =E65+(4*E63) -> 59819 | D89: hora
B90: Cuadrilla Instalaciones (2 Ayudantes) | C90: =(2*E63) -> 22178 | D90: hora
B91: Cuadrilla Instalaciones (3 Ayudantes) | C91: =(3*E63) -> 33267 | D91: hora
B92: Cuadrilla Instalaciones (4 Ayudantes) | C92: =(4*E63) -> 44356 | D92: hora
B93: Cuadrilla Acabados (Oficial + Ayudante) | C93: =F65+(1*F63) -> 26552 | D93: hora
B94: Cuadrilla Acabados (Oficial + 2 Ayudantes) | C94: =F65+(2*F63) -> 37641 | D94: hora
B95: Cuadrilla Acabados (Oficial + 3 Ayudantes) | C95: =F65+(3*F63) -> 48730 | D95: hora
B96: Cuadrilla Acabados (Oficial + 4 Ayudantes) | C96: =F65+(4*F63) -> 59819 | D96: hora
B97: Cuadrilla Acabados (2 Ayudantes) | C97: =(2*F63) -> 22178 | D97: hora
B98: Cuadrilla Acabados (3 Ayudantes) | C98: =(3*F63) -> 33267 | D98: hora
B99: Cuadrilla Acabados (4 Ayudantes) | C99: =(4*F63) -> 44356 | D99: hora
B100: Cuadrilla Carpinteria (Oficial + Ayudante) | C100: =G65+(1*G63) -> 28135 | D100: hora
B101: Cuadrilla Carpinteria (Oficial + 2 Ayudantes) | C101: =G65+(2*G63) -> 39224 | D101: hora
B102: Cuadrilla Carpinteria (Oficial + 3 Ayudantes) | C102: =G65+(3*G63) -> 50313 | D102: hora
B103: Cuadrilla Carpinteria (Oficial + 4 Ayudantes) | C103: =G65+(4*G63) -> 61402 | D103: hora
B104: Cuadrilla Carpinteria (2 Ayudantes) | C104: =(2*G63) -> 22178 | D104: hora
B105: Cuadrilla Carpinteria (3 Ayudantes) | C105: =(3*G63) -> 33267 | D105: hora
B106: Cuadrilla Carpinteria (4 Ayudantes) | C106: =(4*G63) -> 44356 | D106: hora
B107: Cuadrilla Asfaltos (Oficial + 4 Ayudantes) | C107: =H65+(4*H63) -> 66150 | D107: hora
B108: Cuadrilla Asfaltos (Oficial + 5 Ayudantes) | C108: =H65+(5*H63) -> 78434 | D108: hora

Sheet 1,2 EXPERIENCIA_SALARIOS
A2: EXPERIENCIA PROFESIONAL
A3: CONCATENADO | B3: TIPO DE PROFESIONAL | C3: CATEGORIA | D3: EXPERIENCIA | E3: FACTOR PRESTACIONAL | F3: PROYECCION DEL SALARIO | G3: PROYECCION DEL SALARIO | H3: MONTO EN SALARIOS MIN
F5: SALARIO BASICO 2024 | G5: SALARIO BASICO +FP | H5: SLMV
A6: =+CONCATENATE(B6,C6) -> DOCTORADOCATEGORIA 4 | B6: DOCTORADO | C6: CATEGORIA 4 | D6: Titulo profesional + doctorado 120 meses o más de experiencia | E6: =+'1,1 FACTOR PRESTACIONAL'!N39 -> 1.54 | F6: 21026000 | G6: =+F6*E6 -> 32380040 | H6: =+ROUNDUP(F6/1300000,0) -> 17
A7: =+CONCATENATE(#REF!,C7) -> #REF! | B7: MAESTRIA | C7: CATEGORIA 3 | D7: Titulo profesional + maestria 100 meses o más de experiencia | E7: =+'1,1 FACTOR PRESTACIONAL'!L39 -> 1.54 | F7: 17600000 | G7: =+F7*E7 -> 27104000 | H7: =+ROUNDUP(F7/1300000,0) -> 14
A8: =+CONCATENATE(B8,C8) -> MAESTRIACATEGORIA 2 | B8: MAESTRIA | C8: CATEGORIA 2 | D8: Titulo profesional + maestria 90 meses o más de experiencia | E8: =+E6 -> 1.54 | F8: 15900000 | G8: =+F8*E8 -> 24486000 | H8: =+ROUNDUP(F8/1300000,0) -> 13
A9: =+CONCATENATE(B9,C9) -> MAESTRIACATEGORIA 1 | B9: MAESTRIA | C9: CATEGORIA 1 | D9: Titulo profesional + maestria 80 meses o más de experiencia | E9: =+E7 -> 1.54 | F9: 14200000 | G9: =+F9*E9 -> 21868000 | H9: =+ROUNDUP(F9/1300000,0) -> 11
A10: =+CONCATENATE(B10,C10) -> ESPECIALIZACIONCATEGORIA 5 | B10: ESPECIALIZACION | C10: CATEGORIA 5 | D10: Titulo profesional + especialización o postgrado superior 72 meses o más de experiencia | E10: =+E8 -> 1.54 | F10: 12500000 | G10: =+F10*E10 -> 19250000 | H10: =+ROUNDUP(F10/1300000,0) -> 10 | I10: 12 | J10: 6 | K10: =+I10*J10 -> 72
A11: =+CONCATENATE(B11,C11) -> ESPECIALIZACIONCATEGORIA 4 | B11: ESPECIALIZACION | C11: CATEGORIA 4 | D11: Titulo profesional + especialización o postgrado superior 60 meses o más de experiencia | E11: =+E10 -> 1.54 | F11: 11250000 | G11: =+F11*E11 -> 17325000 | H11: =+ROUNDUP(F11/1300000,0) -> 9
A12: =+CONCATENATE(B12,C12) -> ESPECIALIZACIONCATEGORIA 3 | B12: ESPECIALIZACION | C12: CATEGORIA 3 | D12: Titulo profesional + especialización o postgrado superior 48 meses o más de experiencia | E12: =+'1,1 FACTOR PRESTACIONAL'!J39 -> 1.54 | F12: 10000000 | G12: =+F12*E12 -> 15400000 | H12: =+ROUNDUP(F12/1300000,0) -> 8
A13: =+CONCATENATE(B13,C13) -> ESPECIALIZACIONCATEGORIA 2 | B13: ESPECIALIZACION | C13: CATEGORIA 2 | D13: Titulo profesional + especialización o postgrado superior 36 meses o más de experiencia | E13: =+E11 -> 1.54 | F13: 9100000 | G13: =+F13*E13 -> 14014000 | H13: =+ROUNDUP(F13/1300000,0) -> 7
A14: =+CONCATENATE(B14,C14) -> ESPECIALIZACIONCATEGORIA 1 | B14: ESPECIALIZACION | C14: CATEGORIA 1 | D14: Titulo profesional + especialización o postgrado superior 28 meses o más de experiencia | E14: =+E12 -> 1.54 | F14: 7500000 | G14: =+F14*E14 -> 11550000 | H14: =+ROUNDUP(F14/1300000,0) -> 6
A15: =+CONCATENATE(B15,C15) -> PROFESIONALCATEGORIA 4 | B15: PROFESIONAL | C15: CATEGORIA 4 | D15: Titulo profesional 36 meses o más de experiencia | E15: =+E13 -> 1.54 | F15: 6600000 | G15: =+F15*E15 -> 10164000 | H15: =+ROUNDUP(F15/1300000,0) -> 6
A16: =+CONCATENATE(B16,C16) -> PROFESIONALCATEGORIA 3 | B16: PROFESIONAL | C16: CATEGORIA 3 | D16: Titulo profesional 24 meses o más de experiencia | E16: =+E14 -> 1.54 | F16: 5900000 | G16: =+F16*E16 -> 9086000 | H16: =+ROUNDUP(F16/1300000,0) -> 5
A17: =+CONCATENATE(B17,C17) -> PROFESIONALCATEGORIA 2 | B17: PROFESIONAL | C17: CATEGORIA 2 | D17: Titulo profesional 12 meses o más de experiencia | E17: =+E15 -> 1.54 | F17: 5200000 | G17: =+F17*E17 -> 8008000 | H17: =+ROUNDUP(F17/1300000,0) -> 4 | J17: =+'1,1 FACTOR PRESTACIONAL'!B39 -> FACTOR PRESTACIONAL
A18: =+CONCATENATE(B18,C18) -> PROFESIONALCATEGORIA 1 | B18: PROFESIONAL | C18: CATEGORIA 1 | D18: Titulo profesional 0 meses o más de experiencia | E18: =+E16 -> 1.54 | F18: 4500000 | G18: =+F18*E18 -> 6930000 | H18: =+ROUNDUP(F18/1300000,0) -> 4 | J18: =+'1,1 FACTOR PRESTACIONAL'!C39 -> 1 SLMLV | K18: =+'1,1 FACTOR PRESTACIONAL'!D39 -> 1.7
A19: =+CONCATENATE(B19,C19) -> TECNICO / TECNOLOGOCATEGORIA 2 | B19: TECNICO / TECNOLOGO | C19: CATEGORIA 2 | D19: Titulo tecnico o tecnologo 12 meses o más de experiencia | E19: =+E17 -> 1.54 | F19: 3200000 | G19: =+F19*E19 -> 4928000 | H19: =+ROUNDUP(F19/1300000,0) -> 3 | J19: =+'1,1 FACTOR PRESTACIONAL'!E39 -> 1 1/2 SLMLV | K19: =+'1,1 FACTOR PRESTACIONAL'!F39 -> 1.65
A20: =+CONCATENATE(B20,C20) -> TECNICO / TECNOLOGOCATEGORIA 1 | B20: TECNICO / TECNOLOGO | C20: CATEGORIA 1 | D20: Titulo tecnico o tecnologo 0 meses o más de experiencia | E20: =+E18 -> 1.54 | F20: 3000000 | G20: =+F20*E20 -> 4620000 | H20: =+ROUNDUP(F20/1300000,0) -> 3 | J20: =+'1,1 FACTOR PRESTACIONAL'!G39 -> 2 SLMLV | K20: =+'1,1 FACTOR PRESTACIONAL'!H39 -> 1.62
A21: =+CONCATENATE(B21,C21) -> ASISTENCIALCATEGORIA 3 | B21: ASISTENCIAL | C21: CATEGORIA 3 | D21: Bachiller 36 meses o más (laboral o relacionada) | E21: =+E19 -> 1.54 | F21: 2900000 | G21: =+F21*E21 -> 4466000 | H21: =+ROUNDUP(F21/1300000,0) -> 3 | J21: =+'1,1 FACTOR PRESTACIONAL'!I39 -> 3 SLMLV | K21: =+'1,1 FACTOR PRESTACIONAL'!J39 -> 1.54
A22: =+CONCATENATE(B22,C22) -> ASISTENCIALCATEGORIA 2 | B22: ASISTENCIAL | C22: CATEGORIA 2 | D22: Bachiller 18 meses o más (laboral o relacionada) | E22: =+'1,1 FACTOR PRESTACIONAL'!H39 -> 1.62 | F22: 2525000 | G22: =+F22*E22 -> 4090500 | H22: 2 | J22: =+'1,1 FACTOR PRESTACIONAL'!$K$39 -> 4 SLMLV | K22: =+'1,1 FACTOR PRESTACIONAL'!$L$39 -> 1.54
A23: =+CONCATENATE(B23,C23) -> ASISTENCIALCATEGORIA 1 | B23: ASISTENCIAL | C23: CATEGORIA 1 | D23: Bachiller 0 meses o más (laboral o relacionada) | E23: =+E22 -> 1.62 | F23: 2150000 | G23: =+F23*E23 -> 3483000 | H23: 2 | J23: =+'1,1 FACTOR PRESTACIONAL'!$M$39 -> 7 SLMLV | K23: =+'1,1 FACTOR PRESTACIONAL'!$N$39 -> 1.54
E29: SALARIO MINIMO | G29: IPC 2024
B30: CATEGORIA | E30: =+'1,1 FACTOR PRESTACIONAL'!E9 -> 1300000 | G30: 0.0928
A31: ESCOLARIDAD
A33: DOCTORADO | B33: CATEGORIA 1
A34: MAESTRIA | B34: CATEGORIA 2
A35: ESPECIALIZACION | B35: CATEGORIA 3
A36: PROFESIONAL | B36: CATEGORIA 4
A37: TECNICO / TECNOLOGO | B37: CATEGORIA 5
A38: ASISTENCIAL
A43: NOTA GENERAL: Para la proyeccion del Salario Basico para las vigencias Futuras se debera incremantar como minimo el IPC teniendo en cuenta lo establecido por el Articulo 53 de la constitucion politica, y afirmado por el portal de la funcion publica del estado colombiano, Solo aplica para el personal que gane mas de 1 SMMLV.
J50: =+ROUND(C45,2) -> 0

Sheet APUS
O1: =TODAY() -> 45758
A2: TRAMITES, SERVICIOS Y OBRA PUBLICA PARA EL CUMPLIMIENTO DEL PLAN DE REGULARIZACIÓN Y MANEJO DEL DISPENSARIO CONJUNTO DE SANIDAD MILITAR FAC-ARC EN LA CIUDAD DE BOGOTÁ D.C, CONFORME ANEXO TECNICO Y DEMÁS ESPECIFICACIONES TÉCNICAS QUE RIGEN EL PROCESO
A4: MINISTERIO DE DEFENSA NACIONAL
A6: FUERZA AEROESPACIAL COLOMBIANA
A11: TRAMITES, SERVICIOS Y OBRA PUBLICA PARA EL CUMPLIMIENTO DEL PLAN DE REGULARIZACIÓN Y MANEJO DEL DISPENSARIO CONJUNTO DE SANIDAD MILITAR FAC-ARC EN LA CIUDAD DE BOGOTÁ D.C, CONFORME ANEXO TECNICO Y | G11: Capitulo | J11: 1 PRELIMINARES
G12: SubCap. | J12: 1 PRELIMINARES
G13: Actividad | J13: 1.1 CAMPAMENTO DE 36 M2
G14: U.M. | J14: un
A16: 1 | C16: Materiales
A18: Descripción | F18: U.M. | K18: Vr. Unitario | M18: Cantidad | O18: Vr. Parcial
A19: TEJA MANILIT P7 N° 6 | F19: Unidad | K19: 32,229.59 | M19: 16.0000 | O19: 515,673.44
A20: RECEBO COMÚN | F20: Metro Cubico | K20: 104,177.00 | M20: 2.6000 | O20: 270,860.20
A21: VARA DE CLAVO Ø6 A 8CM (3M) EUCALIPTO | F21: Unidad | K21: 22,041.66 | M21: 24.8000 | O21: 546,633.17
A22: TABLA BURRA 10 X 2.2 A 2.7CM X 2.9M - ORDINARIO | F22: Unidad | K22: 10,344.84 | M22: 60.0000 | O22: 620,690.40
A23: TABLA CHAPA 20 X 1.8-2CM X 2.9M - ORDINARIO | F23: Unidad | K23: 12,069.17 | M23: 180.0000 | O23: 2,172,450.60
A24: PORTA CANDADO REDONDO 3 | F24: Unidad | K24: 10,637.02 | M24: 2.0000 | O24: 21,274.04
A25: PLATINAS, PERNOS DE CONEXIÓN, TEMPLETES, CONTRAVIENTOS | F25: Kilogramo | K25: 7,145.72 | M25: 120.0000 | O25: 857,486.40
A26: BISAGRA PARA PUERTA DE PASO 76 x 76MM | F26: Unidad | K26: 22,747.87 | M26: 6.0000 | O26: 136,487.22
A27: PUNTILLA CON CABEZA 2 | F27: Libra | K27: 5,373.34 | M27: 6.0000 | O27: 32,240.04
L28: Total | M28: Materiales | O28: 5,173,795.51
A29: 2 | C29: Equipo
A31: Descripción | F31: U.M. | K31: Vr. Unitario | M31: Cantidad | O31: Vr. Parcial
A32: VIBROCOMPACTADOR GASOLINA-DIESEL RANA 50X75CM RUEDAS x mes | F32: Mes | K32: 443,156.82 | M32: 0.1400 | O32: 62,041.95
A33: HERRAMIENTA MENOR | F33: Porcentaje | K33: 892,772.80 | M33: 5.0000 | O33: 44,638.64
L34: Total | M34: Equipo | O34: 106,680.59
A35: 3 | C35: Mano de Obra
A37: Descripción | F37: U.M. | K37: Vr. Unitario | M37: Cantidad | O37: Vr. Parcial
A38: CUADRILLA ALBAÑILERIA (OFICIAL + 4 AYUDANTES) | F38: Hora Hombre | K38: 55,798.30 | M38: 16.0000 | O38: 892,772.80
L39: Total | M39: Mano de Obra | O39: 892,772.80
A40: 4 | C40: Transporte
A42: Descripción | F42: U.M. | K42: Vr. Unitario | M42: Cantidad | O42: Vr. Parcial
A43: TRANSPORTE FERRETERIA | F43: Kilogramo | K43: 54.83 | M43: 1,853.7600 | O43: 101,641.66
A44: TRANSPORTE AGREGADOS PETREOS | F44: Metro Cubico | K44: 30,054.52 | M44: 2.6000 | O44: 78,141.75
L45: Total | M45: Transporte | O45: 179,783.41
I47: Total Costos Directos Actividad: | N47: 6,353,032.31
A53: TRAMITES, SERVICIOS Y OBRA PUBLICA PARA EL CUMPLIMIENTO DEL PLAN DE REGULARIZACIÓN Y MANEJO DEL DISPENSARIO CONJUNTO DE SANIDAD MILITAR FAC-ARC EN LA CIUDAD DE BOGOTÁ D.C, CONFORME ANEXO TECNICO Y | G53: Capitulo | J53: 1 PRELIMINARES
G54: SubCap. | J54: 1 PRELIMINARES
G55: Actividad | J55: 1.2 DEMOLICIÓN DE PLACAS MACIZAS E= 015 INCLUYE RETIRO
G56: U.M. | J56: m²
A58: 1 | C58: Materiales
A60: Descripción | F60: U.M. | K60: Vr. Unitario | M60: Cantidad | O60: Vr. Parcial
A61: DISCO ABRASIVO CORTE METAL 9 X 0.065 | F61: Unidad | K61: 19,629.14 | M61: 0.2000 | O61: 3,925.83
A62: LONA PARA ESCOMBRO- POLIPROPILENO | F62: Unidad | K62: 1,644.90 | M62: 1.0000 | O62: 1,644.90
A63: PULIDORA 4-1/2 900W 110V SIN DISCO | F63: Dia | K63: 16,114.79 | M63: 0.2000 | O63: 3,222.96
L64: Total | M64: Materiales | O64: 8,793.69
A65: 2 | C65: Equipo
A67: Descripción | F67: U.M. | K67: Vr. Unitario | M67: Cantidad | O67: Vr. Parcial
A68: MARTILLO ELÉCTRICO DEMOLEDOR 31K/65LB | F68: Dia | K68: 87,288.46 | M68: 0.0500 | O68: 4,364.42
A69: HERRAMIENTA MENOR | F69: Porcentaje | K69: 15,647.94 | M69: 5.0000 | O69: 782.40
L70: Total | M70: Equipo | O70: 5,146.82
A71: 3 | C71: Mano de Obra
A73: Descripción | F73: U.M. | K73: Vr. Unitario | M73: Cantidad | O73: Vr. Parcial
A74: HORA CUADRILLA AA - ALBAÑILERÍA | F74: Hora Cuadrilla | K74: 31,295.87 | M74: 0.5000 | O74: 15,647.94
L75: Total | M75: Mano de Obra | O75: 15,647.94
A76: 4 | C76: Transporte
A78: Descripción | F78: U.M. | K78: Vr. Unitario | M78: Cantidad | O78: Vr. Parcial
A79: RETIRO DE SOBRANTES EN VOLQUETA | F79: Metro Cubico | K79: 52,720.14 | M79: 0.1500 | O79: 7,908.02
L80: Total | M80: Transporte | O80: 7,908.02
I82: Total Costos Directos Actividad: | N82: 37,496.47
A88: TRAMITES, SERVICIOS Y OBRA PUBLICA PARA EL CUMPLIMIENTO DEL PLAN DE REGULARIZACIÓN Y MANEJO DEL DISPENSARIO CONJUNTO DE SANIDAD MILITAR FAC-ARC EN LA CIUDAD DE BOGOTÁ D.C, CONFORME ANEXO TECNICO Y | G88: Capitulo | J88: 1 PRELIMINARES
G89: SubCap. | J89: 1 PRELIMINARES
G90: Actividad | J90: 1.3 DEMOLICION TOTAL EDIFICACIONES ALTURA 5,50 A 6,00 2 PISOS O MAS CON MAQUINARIA INCLUYE EL RETIRO DEL MATERIAL DEMOLIDO
G91: U.M. | J91: m²
A93: 1 | C93: Materiales
A95: Descripción | F95: U.M. | K95: Vr. Unitario | M95: Cantidad | O95: Vr. Parcial
A96: TALADRO PERCUTOR 3/4 900W 110V | F96: Dia | K96: 13,159.20 | M96: 0.0500 | O96: 657.96
L97: Total | M97: Materiales | O97: 657.96
A98: 2 | C98: Equipo
A100: Descripción | F100: U.M. | K100: Vr. Unitario | M100: Cantidad | O100: Vr. Parcial
A101: BULLDOZER D5G | F101: Hora | K101: 198,749.12 | M101: 0.0100 | O101: 1,987.49
A102: RETROEXCAVADORA DE ORUGA CAT 320 | F102: Hora | K102: 241,721.90 | M102: 0.2000 | O102: 48,344.38
A103: EQUIPO OXICORTE (AUTOGENA) | F103: Dia | K103: 57,900.48 | M103: 0.5000 | O103: 28,950.24
A104: CARGADOR FRONTAL AE-60+MARTILLO+COMBUSTIBLE | F104: Hora | K104: 162,490.90 | M104: 0.0500 | O104: 8,124.55
A105: HERRAMIENTA MENOR | F105: Porcentaje | K105: 17,634.32 | M105: 5.0000 | O105: 881.72
L106: Total | M106: Equipo | O106: 88,288.38
A107: 3 | C107: Mano de Obra
A109: Descripción | F109: U.M. | K109: Vr. Unitario | M109: Cantidad | O109: Vr. Parcial
A110: CUADRILLA ACABADOS (OFICIAL + 3 AYUDANTES) | F110: Hora Hombre | K110: 53,437.32 | M110: 0.3300 | O110: 17,634.32
L111: Total | M111: Mano de Obra | O111: 17,634.32
A112: 4 | C112: Transporte
A114: Descripción | F114: U.M. | K114: Vr. Unitario | M114: Cantidad | O114: Vr. Parcial
A115: ACARREO / RETIRO DE SOBRANTES | F115: Metro Cubico | K115: 23,198.57 | M115: 0.5000 | O115: 11,599.28
L116: Total | M116: Transporte | O116: 11,599.28
I118: Total Costos Directos Actividad: | N118: 118,179.94
A124: TRAMITES, SERVICIOS Y OBRA PUBLICA PARA EL CUMPLIMIENTO DEL PLAN DE REGULARIZACIÓN Y MANEJO DEL DISPENSARIO CONJUNTO DE SANIDAD MILITAR FAC-ARC EN LA CIUDAD DE BOGOTÁ D.C, CONFORME ANEXO TECNICO Y | G124: Capitulo | J124: 1 PRELIMINARES
G125: SubCap. | J125: 1 PRELIMINARES
G126: Actividad | J126: 1.4 DEMOLICION TOTAL EDIFICACIONES ALTURA 6,01 A 8,00 3 PISOS O MAS CON MAQUINARIA INCLUYE EL RETIRO DEL MATERIAL DEMOLIDO
G127: U.M. | J127: m²
A129: 1 | C129: Materiales
A131: Descripción | F131: U.M. | K131: Vr. Unitario | M131: Cantidad | O131: Vr. Parcial
A132: TALADRO PERCUTOR 3/4 900W 110V | F132: Dia | K132: 13,159.20 | M132: 0.1000 | O132: 1,315.92
L133: Total | M133: Materiales | O133: 1,315.92
A134: 2 | C134: Equipo
A136: Descripción | F136: U.M. | K136: Vr. Unitario | M136: Cantidad | O136: Vr. Parcial
A137: BULLDOZER D5G | F137: Hora | K137: 198,749.12 | M137: 0.0200 | O137: 3,974.98
A138: RETROEXCAVADORA DE ORUGA CAT 320 | F138: Hora | K138: 241,721.90 | M138: 0.2500 | O138: 60,430.47
A139: EQUIPO OXICORTE (AUTOGENA) | F139: Dia | K139: 57,900.48 | M139: 0.1000 | O139: 5,790.05
A140: CARGADOR FRONTAL AE-60+MARTILLO+COMBUSTIBLE | F140: Hora | K140: 162,490.90 | M140: 0.0700 | O140: 11,374.36
A141: HERRAMIENTA MENOR | F141: Porcentaje | K141: 32,062.39 | M141: 5.0000 | O141: 1,603.12
L142: Total | M142: Equipo | O142: 83,172.98
...

Sheet 1.3 COSTOS DOTACIONALES
A2: FUERZA AEROESPACIAL COLOMBIANA
A3: OBJETO DEL CONTRATO: | C3: OBRA PUBLICA PARA "Diseño de una propuesta para el cálculo del A.I.U aplicable a los proyectos de infraestructura de la Fuerza Aeroespacial Colombiana bajo la modalidad de licitación pública, haciendo uso de elementos del marco de trabajo SCRUM".
A4: ANALISIS DE COSTOS DOTACIONALES U OPERACIONALES
E5: FECHA | F5: =TODAY() -> 45758
A7: COSTOS DOTACIONALES U OPERACIONALES
A8: COD | B8: DESCRIPCIÓN | C8: CANTIDAD | D8: UNIDAD | E8: VALOR UNITARIO | F8: VALOR TOTAL | H8: PROVEEDOR_1 | I8: LINK DE CONSULTA | J8: COT_1 | K8: PROVEEDOR_2 | L8: LINK DE CONSULTA | M8: COT_2
A9: 1.1 | B9: OFICINA- BODEGA 36 m2 | C9: 0 | D9: gl | E9: =ROUNDUP(AVERAGE(J9,M9),0) -> 4929352 | F9: =C9*E9 -> 0 | J9: 4929352
A10: 1.2 | B10: COMPUTADOR | C10: 1 | D10: Un | E10: =ROUNDUP(AVERAGE(J10,M10),0) -> 1247972 | F10: =C10*E10 -> 1247972 | H10: ALKOSTO 19-01-24 | I10: https://www.alkosto.com/computador-portatil-hp-14-pulgadas-dq0526la-intel-celeron-ram-4gb-disco-ssd-128gb-negro/p/197497220902 | J10: 1500000 | K10: HOMECENTER 19 -01-24 | M10: 995943.22
A11: 1.3 | B11: IMPRESORA MULTIFUNCIONAL | C11: 1 | D11: Un | E11: =ROUNDUP(AVERAGE(J11,M11),0) -> 981000 | F11: =C11*E11 -> 981000 | H11: ALKOSTO 19-01-24 | I11: https://www.alkosto.com/impresora-epson-ecotank-wifi-l1250-hg-negro/p/010343970700 | J11: 1000000 | K11: HOMECENTER 19 -01-24 | L11: https://www.homecenter.com.co/homecenter-co/product/679574/impresora-multifuncional-hp-580-smart-tank-blanca/679574/ | M11: 962000
A12: 1.4 | B12: ESCRITORIO ( MESA PLASTICA) | C12: 1 | D12: Un | E12: =ROUNDUP(AVERAGE(J12,M12),0) -> 122400 | F12: =C12*E12 -> 122400 | H12: ALKOSTO 19-01-24 | I12: https://www.alkosto.com/mesa-rimax-eterna-wengue/p/7705152078046 | J12: 124900 | K12: HOMECENTER 19 -01-24 | L12: https://www.homecenter.com.co/homecenter-co/product/31318/mesa-cuadrada-plastica-blanco-75x75-cm/31318/ | M12: 119900
A13: 1.5 | B13: SILLA PARA OFICINA (SILLA PLASTICA) | C13: 1 | D13: Un | E13: =ROUNDUP(AVERAGE(J13,M13),0) -> 40900 | F13: =C13*E13 -> 40900 | H13: ALKOSTO 19-01-24 | I13: https://www.alkosto.com/silla-vanyplas-bambu-sin-brazos-blanca/p/733341737181 | J13: 44900 | K13: HOMECENTER 19 -01-24 | L13: https://www.homecenter.com.co/homecenter-co/product/596873/silla-sin-brazos-plastico-samba-blanco/596873/ | M13: 36900
A14: 1.6 | B14: ACOMETIDA PROVISIONAL ELECTRICA (10 MT) | C14: 1 | D14: Un | E14: =ROUNDUP(AVERAGE(J14,M14),0) -> 4539331 | F14: =C14*E14 -> 4539331 | J14: 4539331
A15: 1.7 | B15: ACOMETIDA PROVISIONAL HIDROSANITARIAS (10 MT) | C15: 1 | D15: Un | E15: =ROUNDUP(AVERAGE(J15,M15),0) -> 2304720 | F15: =C15*E15 -> 2304720 | J15: 2304720
A16: 1.8 | B16: BAÑOS PROVISIONALES EN OBRA-ALQUILER | C16: 1 | D16: Un | E16: 810000 | F16: =C16*E16 -> 810000 | H16: BAÑO MOVIL | J16: 810000
E17: TOTAL | F17: =ROUNDUP(SUM(F9:F16),0) -> 10046323
E19: =#REF!&" "&#REF!&" "&#REF! -> #REF! | F19: =+F17 -> 10046323
B21: TOTAL GASTOS MENORES: | F21: =+F19 -> 10046323
A23: NOTA 1: Los Gastos Dotacionales U operacionales se deben cotizar minimo 1 Vez al año posterior al cambio de Vigencia
A26: NOTA 2: Los Gastos Dotacionales U operacionales se debe ajustar de acuerdo a la complejidad del proyecto el cual el comité tecnico estructurador debera evaluar la complegidad del mismo.

Sheet 1.4 COSTOS_ ENSAYOS
A2: =+'1.3 COSTOS DOTACIONALES'!A2:F2 -> FUERZA AEROESPACIAL COLOMBIANA
A3: OBJETO DEL CONTRATO: | C3: =+'1.3 COSTOS DOTACIONALES'!C3:F3 -> OBRA PUBLICA PARA "Diseño de una propuesta para el cálculo del A.I.U aplicable a los proyectos de infraestructura de la Fuerza Aeroespacial Colombiana bajo la modalidad de licitación pública, haciendo uso de elementos del marco de trabajo SCRUM".
A4: ANALISIS DE ENSAYOS Y PRUEBAS
B6: INGRESAR MESES DE OBRA: | I6: M2 | J6: =+PRESUPUESTO!D79 -> 89.25 | K6: DIVIDER ENTRE 200 | L6: =+J6/200 -> 0.44625 | M6: 1 | N6: =+M6+M7 -> 2
I7: M3 | J7: =+PRESUPUESTO!D29+PRESUPUESTO!D30+PRESUPUESTO!D33 -> 16 | K7: DIVIDIR ENTRE 40 | L7: =+J7/40 -> 0.4 | M7: 1
A8: GASTOS FIJOS:
A9: COD | B9: DESCRIPCIÓN | C9: CANTIDAD | D9: UNIDAD | E9: VALOR UNITARIO | F9: VALOR TOTAL | I9: VR UNITARIO | J9: PERIOCIDAD ENSAYO
A10: 1.1 | B10: Ensayo de resistencia a la compresión de especímenes cilíndricos de concreto 6" | C10: 1 | D10: GL | E10: =+P10 -> 180000 | F10: =+E10*C10 -> 180000 | H10: Ensayo de resistencia a la compresión de especímenes cilíndricos de concreto 6" | I10: 30000 | J10: los ensayos de resistencia de cada clase de concreto colocado cada día deben tomarse no menos de una vez al día, ni menos de una vez por cada 40 m3 de concreto, ni menos de una vez por cada 200 m2 de superficie de losas o muros. D | O10: 2 | P10: =+O10*I10*3 -> 180000 | Q10: se suman todas las cantidades de concreto, se dividen en 12 m3 de promedio por fundicion de concreto al dia
A11: 1.2 | B11: ENSAYOS DE LABORATORIO Y EN SITIO ESTRUCTURA METALICA | C11: 1 | D11: GL | E11: =+P13 -> 1650000 | F11: =+E11*C11 -> 1650000 | H11: DISEÑO DE MEZCLAS | I11: 1500000 | O11: 1 | P11: =+I11 -> 1500000
A12: 1.3 | B12: DISEÑO DE MEZCLA CERTIFICADO EN LABORATORIO PARA FUNDIDA EN SITIO | C12: 1 | D12: GL | E12: =+P11 -> 1500000 | F12: =+E12*C12 -> 1500000 | H12: Densidad y contenido de agua del suelo y suelo-agregado en el terreno empleando medidores nucleares | I12: 42000 | J12: por toma | O12: 10 | P12: =+O12*I12 -> 420000 | Q12: Se suman todas las cantidades de compactacion, se divide en 2, porque se compacta 0,50 y luego se divide en 6, que se toma muestra cada 6 metros en vias | T12: 2164/2=1082 1082/6= 180,33
A13: 1.4 | B13: Densidad y contenido de agua del suelo y suelo-agregado en el terreno empleando medidores nucleares | C13: 1 | D13: GL | E13: =+P12 -> 420000 | F13: =+E13*C13 -> 420000 | H13: PRUEBA DE TINTAS PENETRANTES ( METALICA) | I13: 1650000 | J13: por 15 puntos | O13: 1 | P13: =+O13*I13 -> 1650000 | Q13: =+PRESUPUESTO!D26+PRESUPUESTO!D67+PRESUPUESTO!D68+PRESUPUESTO!D69 -> 1081.71 | R13: =+Q13/2 -> 540.855 | S13: =+R13/6 -> 90.1425
A14: 1.5 | B14: PRUEBA DE ESTANQUEIDAD | C14: 1 | D14: GL | E14: =+P14 -> 479500 | F14: =+E14*C14 -> 479500 | H14: ESTANQUEIDAD | I14: 479500 | O14: 1 | P14: =+O14*I14 -> 479500
A15: 1.6 | B15: PRUEBA RED HIDRAULICA | C15: 1 | D15: GL | E15: =+P15 -> 631000 | F15: =+E15*C15 -> 631000 | H15: HIDRAULICA | I15: 631000 | O15: 1 | P15: =+O15*I15 -> 631000
A16: 1.7 | B16: CBR de suelos compactados en el laboratorio (incluye proctor modificado) | C16: 1 | D16: GL | E16: =+P16 -> 258750 | F16: =+E16*C16 -> 258750 | H16: CBR de suelos compactados en el laboratorio (incluye proctor modificado) | I16: 258750 | O16: 1 | P16: =+O16*I16 -> 258750
E17: TOTAL | F17: =ROUNDUP(SUM(F10:F16),0) -> 5119250
H18: https://ingenieria.javeriana.edu.co/documents/1569590/3951779/Lista+Precios+2024.pdf/5ed90bd6-053f-c48e-e5df-3eab95df1da6?t=1705499496729
B20: TOTAL GASTOS GENERALES DE ENSAYOS Y PRUEBAS: | F20: =+F17 -> 5119250 | H20: https://www.aconstructoras.com/index.php?cPath=23_374_716&osCsid=f7de2de490ae0c36b14cd060cd4e332f
A22: NOTA: Los gastos de papeleria se deben ajustar de acuerdo a la duración y magnitud del proyecto a ejecutar en cada una de las UMAS.

Sheet 1.5 COSTOS MENORES
A2: =+'1.3 COSTOS DOTACIONALES'!$A$2:$F$2 -> FUERZA AEROESPACIAL COLOMBIANA
A3: OBJETO DEL CONTRATO: | C3: =+'1.3 COSTOS DOTACIONALES'!$C$3:$F$3 -> OBRA PUBLICA PARA "Diseño de una propuesta para el cálculo del A.I.U aplicable a los proyectos de infraestructura de la Fuerza Aeroespacial Colombiana bajo la modalidad de licitación pública, haciendo uso de elementos del marco de trabajo SCRUM".
A4: ANALISIS DE GASTOS MENORES/VARIOS
A5: GASTOS FIJOS:
A6: COD | B6: DESCRIPCIÓN | C6: CANTIDAD | D6: UNIDAD | E6: VALOR UNITARIO | F6: VALOR TOTAL | H6: PROVEEDOR_1 | I6: LINK DE CONSULTA | J6: COT_1 | K6: PROVEEDOR_2 | L6: LINK DE CONSULTA | M6: COT_2 | N6: PROVEEDOR_3 | O6: LINK DE CONSULTA | P6: COT_3
A7: 1.1 | B7: KIT BOTIQUIN PRIMEROS AUXILIOS | C7: 2 | D7: UN | E7: =ROUNDUP(AVERAGE(J7,M7,P7),0) -> 112600 | F7: =ROUND(E7*C7,0) -> 225200 | H7: HOMECENTER | I7: https://www.homecenter.com.co/homecenter-co/product/379761/botiquin-empotrable/379761/?kid=goosho_1246419&shop=googleShopping&gclid=EAIaIQobChMInKfgk7WRgQMVwoGGCh3WNwTUEAQYCiABEgI15vD_BwE | J7: 108900 | K7: HOMECENTER | L7: https://www.homecenter.com.co/homecenter-co/product/379760/botiquin-recomendado-por-arl/379760/?kid=goosho_1246419&shop=googleShopping&gclid=EAIaIQobChMInKfgk7WRgQMVwoGGCh3WNwTUEAQYAiABEgL4y_D_BwE | M7: 116900 | N7: MERCADO LIBRE | O7: https://articulo.mercadolibre.com.co/MCO-1286378443-botiquin-tipo-a-incluye-senal-resolucion-705-de-2007-_JM?matt_tool=52751608&matt_word=&matt_source=google&matt_campaign_id=14630807694&matt_ad_group_id=141666387078&matt_match_type=&matt_network=g&matt_device=c&matt_creative=619440601162&matt_keyword=&matt_ad_position=&matt_ad_type=pla&matt_merchant_id=564455146&matt_product_id=MCO1286378443&matt_product_partition_id=1936120730068&matt_target_id=pla-1936120730068&gclid=EAIaIQobChMInYeI6rWRgQMVKJtaBR0GbACjEAQYFCABEgLNH_D_BwE | P7: 112000
A8: 1.2 | B8: KIT CAMILLA DE EMERGENCIA + INMOBILIZADOR DE CUELLO | C8: 2 | D8: UN | E8: =ROUNDUP(AVERAGE(J8,M8,P8),0) -> 206667 | F8: =ROUND(E8*C8,0) -> 413334 | H8: TMECOL | I8: https://tmecol.com/producto/combo-3-1-camilla-flotante-en-polietileno-1-inmovilizador-de-cabeza-en-espuma-1-kit-de-ferulas-inmovilizadoras-de-extremidades-1-cuello-ortopedico-en-espuma/ | J8: 215000 | K8: VENO-ESTIL | L8: https://www.venoestilsas.com/product/camilla-de-emergencia-con-arnes-e-inmovilizador-de-cuello/ | M8: 185000 | N8: MERCADO LIBRE | O8: https://articulo.mercadolibre.com.co/MCO-1278545893-camilla-emergencia-adulto-con-inmovilizador-cabeza-y-cuello-_JM?matt_tool=13515679&matt_word=&matt_source=google&matt_campaign_id=14633851803&matt_ad_group_id=154496053129&matt_match_type=&matt_network=g&matt_device=c&matt_creative=666939235099&matt_keyword=&matt_ad_position=&matt_ad_type=pla&matt_merchant_id=564455146&matt_product_id=MCO1278545893&matt_product_partition_id=2172402937393&matt_target_id=pla-2172402937393&gclid=EAIaIQobChMIy4Oj7raRgQMVUQN9Ch0Uxwl3EAQYCCABEgKy8fD_BwE | P8: 220000
A9: 1.3 | B9: SEÑALIZACION PRESENTIVA INTERNA OBRA/OFICINA | C9: 2 | D9: UN | E9: =ROUNDUP(AVERAGE(J9,M9,P9),0) -> 221900 | F9: =ROUND(E9*C9,0) -> 443800 | H9: FALABELLLA | I9: https://homecenter.falabella.com.co/homecenter-co/product/118863119/Kitx16-Senalizacion-Fotoluminiscente-para-Oficinas-y-o-Locales-Hasta-120Mts2/118863122?gclid=EAIaIQobChMI6ojPoLeRgQMVjgetBh2aDAoCEAQYASABEgLmaPD_BwE&kid=shopp0000027fc&pid=Google_w2a | J9: 221900 | K9: HOMECENTER | L9: https://www.homecenter.com.co/homecenter-co/product/337408/kitx16-senalizacion-fotoluminiscente-para-oficinas-y-o-locales-hasta-120mts2/337408/?kid=goosho_1246419&shop=googleShopping&gclid=EAIaIQobChMI4qewrbeRgQMVxtvjBx3hLg57EAQYBCABEgJm__D_BwE | M9: 221900
A10: 1.4 | B10: EXTINTOR MULTIPROPOSITO 10 LB | C10: 2 | D10: UN | E10: =ROUNDUP(AVERAGE(J10,M10,P10),0) -> 82267 | F10: =ROUND(E10*C10,0) -> 164534 | H10: HOMCENTER | I10: https://www.homecenter.com.co/homecenter-co/product/641565/extintor-abc-10-lbs-recomendado-para-red-contraincendios/641565/?kid=goosho_1161562&shop=googleShopping&gclid=EAIaIQobChMIx5qlu7iRgQMVTn9MCh19AQ3yEAQYAiABEgJo5_D_BwE | J10: 74900 | K10: HOMECENTER | L10: https://www.homecenter.com.co/homecenter-co/product/163819/extintor-multiproposito-10lb-abc/163819/?kid=goosho_1161562&shop=googleShopping&gclid=EAIaIQobChMIx5qlu7iRgQMVTn9MCh19AQ3yEAQYBCABEgLqC_D_BwE | M10: 93900 | N10: MILTIEXPRESs | O10: https://www.multiexpress.com.co/producto/extintor-multiproposito-10-lb/ | P10: 78000
A11: 1.5 | B11: CINTA DE PELIGRO- SEÑALIZACIÓN-500 MT | C11: 1 | D11: ROLLO | E11: =ROUNDUP(AVERAGE(J11,M11,P11),0) -> 25950 | F11: =ROUND(E11*C11,0) -> 25950 | H11: CASA FERRETERA | I11: https://www.casaferretera.com/cinta-senalizacion-peligro-amarilla-500-metros/p | J11: 27050 | K11: PROVESI | L11: https://provesi.com.co/cintas/735-cinta-peligro-no-pase-500-mtrs.html | M11: 25900 | N11: CALYPSO | O11: https://www.tiendascalypso.com/cinta-se%c3%b1alizacion-peligro---fl/p?idsku=2694&utm_term=&utm_campaign=shopping-campana-inteligente&utm_source=adwords&utm_medium=ppc | P11: 24900
E12: TOTAL | F12: =ROUNDUP(SUM(F7:F11),0) -> 1272818
B15: TOTAL GASTOS MENORES: | F15: =+F12 -> 1272818
A17: NOTA: Los Gastos menores se deben ajustar de acuerdo a la magnitud del proyecto a ejecutar en cada una de las UMAS.

Sheet 1.6 DOTACION_PERSONAL
A2: =+'1.3 COSTOS DOTACIONALES'!A2:F2 -> FUERZA AEROESPACIAL COLOMBIANA
A3: OBJETO DEL CONTRATO: | C3: =+'1.3 COSTOS DOTACIONALES'!C3:F3 -> OBRA PUBLICA PARA "Diseño de una propuesta para el cálculo del A.I.U aplicable a los proyectos de infraestructura de la Fuerza Aeroespacial Colombiana bajo la modalidad de licitación pública, haciendo uso de elementos del marco de trabajo SCRUM".
A4: ANALISIS DE GASTOS DOTACIONALES
H5: MESES
B6: INGRESAR MESES DE OBRA: | C6: =+'1.3 COSTOS DOTACIONALES'!#REF! -> #REF! | H6: COSTO TOTAL POR
B7: CUADRILLAS: | C7: 15 | E7: Ingrese Dato de cuadrillas | H7: /TOTAL
B8: PERSONAS POR CUADRILLA | C8: 2 | E8: Ingrese Dato de cuadrillas
B9: PERSONAL ADMINISTRATIVO | C9: 5 | E9: Ingrese Dato Administrativos
B10: PERSONAL TOTAL | C10: =((C7*C8)+(C9)) -> 35
A12: GASTOS FIJOS:
A13: COD | B13: DESCRIPCIÓN | C13: CANTIDAD | D13: UNIDAD | E13: VALOR UNITARIO | F13: VALOR TOTAL | H13: PROVEEDOR_1 | I13: LINK DE CONSULTA | J13: COT_1
A14: 1.1 | B14: CASCOS DE PROTECCIÓN PERSONAL VISITANTES | C14: 5 | D14: Un | E14: =+J14 -> 34900 | F14: =C14*E14 -> 174500 | H14: HOMECENTER | I14: https://www.homecenter.com.co/homecenter-co/product/463536/casco-eco-con-ratchet-y-barbuquejo-amarillo/463535/?kid=goosho_1161562&shop=googleShopping&gclid=EAIaIQobChMIkrLpvryRgQMVGjHUAR25HwBbEAQYASABEgK5V_D_BwE | J14: 34900
A15: 1.2 | B15: PROTECTOR OIDO | C15: 5 | D15: Un | E15: =+J15 -> 29900 | F15: =C15*E15 -> 149500 | H15: HOMECENTER | I15: https://www.homecenter.com.co/homecenter-co/product/357340/protector-oido-copa-26db-cm-502-steelpro/357340/?kid=goosho_1161562&shop=googleShopping&gclid=EAIaIQobChMIm_nTnb2RgQMVoalaBR0M9QbVEAQYBCABEgLSD_D_BwE | J15: 29900
A16: 1.3 | B16: BOTAS SEGURIDAD | C16: 5 | D16: Un | E16: =+J16 -> 79800 | F16: =C16*E16 -> 399000 | H16: HOMECENTER | I16: https://www.homecenter.com.co/homecenter-co/product/329092/bota-seguridad-punta-acero-miami-talla-37/329092/ | J16: 79800
A17: 1.4 | B17: OVEROL TRABAJO PESADO | C17: 0 | D17: Un | E17: =+J17 -> 79900 | F17: =C17*E17 -> 0 | H17: HOMECENTER | I17: https://www.homecenter.com.co/homecenter-co/product/87085/overol-enterizo-manga-larga-azul-talla-s/87085/?kid=goosho_1161562&shop=googleShopping&gclid=EAIaIQobChMI6MXi7cKRgQMVwptaBR2QjAx6EAQYBSABEgLyZfD_BwE | J17: 79900
A18: 1.5 | B18: TAPABOCAS NEGRO- OBRA | C18: 100 | D18: Un | E18: =+J18 -> 680 | F18: =C18*E18 -> 68000 | H18: CONICOL | I18: https://www.coincol.co/product-page/paquete-por-100-tapabocas-negro-tipo-obra-para-polvos | J18: =68000/100 -> 680
A19: 1.6 | B19: GUANTES DE CARNAZA | C19: 5 | D19: Un | E19: =+J19 -> 10200 | F19: =C19*E19 -> 51000 | H19: HOMECENTER | I19: https://www.homecenter.com.co/homecenter-co/product/336341/guante-carnaza-sencillo-corto/336341/ | J19: 10200
A20: 1.7 | B20: ARNES (LINEA DE VIDA) | C20: 0 | D20: Un | E20: =+J20 -> 610900 | F20: =C20*E20 -> 0 | H20: HOMECENTER | I20: https://www.homecenter.com.co/homecenter-co/product/303672/equipo-trabajo-alturas-4-piezas-eslinga-sencilla-first/303672/?kid=goosho_1246419&shop=googleShopping&gclid=EAIaIQobChMInM_64sSRgQMVRppaBR3-xACeEAQYAiABEgKTl_D_BwE | J20: 610900
E21: TOTAL | F21: =ROUNDUP(SUM(F14:F20),0) -> 842000
B24: TOTAL GASTOS DOTACIÓN: | F24: =+F21 -> 842000
A26: NOTA: Los Gastos menores se deben ajustar de acuerdo a la magnitud del proyecto a ejecutar en cada una de las UMAS.

Sheet 1.7 COSTOS_PAPELERIA
A2: =+'1.3 COSTOS DOTACIONALES'!A2:F2 -> FUERZA AEROESPACIAL COLOMBIANA
A3: OBJETO DEL CONTRATO: | C3: =+'1.3 COSTOS DOTACIONALES'!C3:F3 -> OBRA PUBLICA PARA "Diseño de una propuesta para el cálculo del A.I.U aplicable a los proyectos de infraestructura de la Fuerza Aeroespacial Colombiana bajo la modalidad de licitación pública, haciendo uso de elementos del marco de trabajo SCRUM".
A4: ANALISIS DE GASTOS DE PAPELERIA
H5: MESES
B6: INGRESAR MESES DE OBRA: | C6: =+#REF! -> #REF! | H6: COSTO TOTAL POR
A8: GASTOS FIJOS:
A9: COD | B9: DESCRIPCIÓN | C9: CANTIDAD | D9: UNIDAD | E9: VALOR UNITARIO | F9: VALOR TOTAL | H9: PROVEEDOR_1 | I9: LINK DE CONSULTA | J9: COT_1 | K9: PROVEEDOR_2 | L9: LINK DE CONSULTA | M9: COT_2 | N9: PROVEEDOR_3 | O9: LINK DE CONSULTA | P9: COT_3
A10: 1.1 | B10: RESMA DE PAPEL | C10: 2 | D10: Un | E10: =ROUNDUP(AVERAGE(J10,M10,P10),0) -> 22900 | F10: =C10*E10 -> 45800 | H10: PANAMERICANA | J10: 19900 | K10: ALKOSTO | M10: 24900 | N10: ÉXITO | P10: 23900
A11: 1.2 | B11: KIT TINTAS PARA IMPRESORA X 4 UND (IMPRESORA RECARGABLE) | C11: 1 | D11: Un | E11: =ROUNDUP(AVERAGE(J11,M11,P11),0) -> 160534 | F11: =C11*E11 -> 160534 | H11: ALKOSTO | J11: 155900 | K11: PANAMERICANA ( | M11: 155800 | N11: FALABELLA | P11: 169900
A12: 1.3 | B12: CARPETA/ FOLDER TIPO A-Z | C12: 2 | D12: Un | E12: =ROUNDUP(AVERAGE(J12,M12,P12),0) -> 9922 | F12: =C12*E12 -> 19844 | H12: PANAMERICANA | J12: 11000 | K12: PANAFARGO | M12: 8300 | N12: RAPPI | P12: 10465
A13: 1.4 | B13: SOBRE DE MANILA (CARTA/OFICIO) | C13: 10 | D13: Un | E13: =ROUNDUP(AVERAGE(J13,M13,P13),0) -> 357 | F13: =C13*E13 -> 3570 | H13: TAURO | J13: 400 | K13: SUESCUN | M13: 300 | N13: NORMA | P13: 370
A14: 1.5 | B14: COSEDORA DE PAPEL- OFICINA | C14: 1 | D14: Un | E14: =ROUNDUP(AVERAGE(J14,M14,P14),0) -> 21830 | F14: =C14*E14 -> 21830 | H14: TAURO | J14: 15350 | K14: ÉXITO | M14: 13237.5 | N14: PANAFARGO | P14: 36900
A15: 1.6 | B15: CINTA ANCHA | C15: 2 | D15: Un | E15: =ROUNDUP(AVERAGE(J15,M15,P15),0) -> 12900 | F15: =C15*E15 -> 25800 | H15: HOMECENTER | J15: 18900 | K15: FALABELLA | M15: 11500 | N15: CALIPSO | P15: 8300
A16: 1.7 | B16: PERFORADORA - OFICINA | C16: 1 | D16: Un | E16: =ROUNDUP(AVERAGE(J16,M16,P16),0) -> 22044 | F16: =C16*E16 -> 22044 | H16: EXITO | J16: 17990 | K16: HOME CENTRY | M16: 16650 | N16: MERCADO LIBRE | P16: 31490
A17: 1.9 | B17: GANCHOS COSEDORA | C17: 1 | D17: caja | E17: =ROUNDUP(AVERAGE(J17,M17,P17),0) -> 12930 | F17: =C17*E17 -> 12930 | H17: MERCADO LIBRE | J17: 13900 | K17: ÉXITO ( | M17: 12990 | N17: PANAFARGO | P17: 11900
E18: TOTAL | F18: =ROUNDUP(SUM(F10:F17),0) -> 312352
B21: TOTAL GASTOS GENERALES DE PAPELERIA: | F21: =+F18 -> 312352
A23: NOTA: Los gastos de papeleria se deben ajustar de acuerdo a la duración y magnitud del proyecto a ejecutar en cada una de las UMAS.

Sheet 1.8 IMPUESTOS
A2: IMPUESTOS
A3: UMA | B3: MUNICIPIO/CIUDAD | C3: OFICIO | D3: ICA DE OBRA | E3: I.C.A. OBRA | F3: ICA EQUIPOS | G3: % ICA EQUIPOS | H3: RETENCION EN LA FUENTE OBRA | I3: IMPUESTO FIC | J3: CONTRIBUCIÓN ESPECIAL (IMPUESTO DE GUERRA LEY 1738 del 2014) | K3: ESTAMPILLA POLITÉCNICO COLOMBIANO JAIME ISAZA CADAVID APLICA SI ES ENTIDAD PRIVADA | L3: ESTAMPILLA PRO UNIVERSIDAD DE LA AMAZONIA | M3: Estampilla Pro Universidad del Pacifico Ley 1685 de 2013, ordenanza 473 de 2017 | N3: Estampilla Pro desarrollo Unidad Central del Valle del Cauca - Prouceva Ley 1510 de 2012 Ordenanza 474 de 2017 | O3: ESTAMPILLA UNIVERSIDAD NACIONAL (1697 DEL 2013)
A4: COMANDO FUERZA AEREA COLOMBIANA | B4: BOGOTA D.C | C4: FAC-S-2022-030190-CI | D4: 7,12/1000 | E4: 0.00712 | F4: 11,04/1000 | G4: 0.0104 | H4: 0.02 | I4: 0.0025 | J4: 0.05 | K4: NO APLICA | L4: NO APLICA | M4: NO APLICA | N4: NO APLICA | O4: SEGÚN CANTIDAD SLMLV
A5: COMANDO AÉREO DE COMBATE No. 1 | B5: PUERTO SALGAR | C5: FAC-S-2022-096762-CI | D5: 10/1000 | E5: 0.01 | F5: 8/1000 | G5: 0.008 | H5: 0.02 | I5: 0.0025 | J5: 0.05 | K5: NO APLICA | L5: NO APLICA | M5: NO APLICA | N5: NO APLICA | O5: SEGÚN CANTIDAD SLMLV
A6: COMANDO AÉREO DE COMBATE No. 2 | B6: VILLAVICENCIO | H6: 0.02 | I6: 0.0025 | J6: 0.05 | O6: SEGÚN CANTIDAD SLMLV
A7: COMANDO AÉREO DE COMBATE No. 3 | B7: BARRANQUILLA | C7: FAC-S-2022-101311-CI | D7: 7/1000 | E7: 0.007 | F7: 0,7/1000 | G7: 0.007 | H7: 0.02 | I7: 0.0025 | J7: 0.05 | K7: NO APLICA | L7: NO APLICA | M7: NO APLICA | N7: NO APLICA | O7: SEGÚN CANTIDAD SLMLV
A8: COMANDO AÉREO DE COMBATE No. 4 | B8: MELGAR | C8: FAC-S-2022-093925-CI | D8: 5/1000 | E8: 0.005 | F8: 5/1000 | G8: 0.005 | H8: 0.02 | I8: 0.0025 | J8: 0.05 | K8: NO APLICA | L8: NO APLICA | M8: NO APLICA | N8: NO APLICA | O8: SEGÚN CANTIDAD SLMLV
A9: COMANDO AÉREO DE COMBATE No. 5 | B9: RIO NEGRO | C9: FAC-S-2022-094561-CI | D9: 7,12/1000 | E9: 0.00712 | F9: 11,04/1000 | G9: 0.0104 | H9: 0.02 | I9: 0.0025 | J9: 0.05 | K9: 0.004 | L9: NO APLICA | M9: NO APLICA | N9: NO APLICA | O9: SEGÚN CANTIDAD SLMLV
A10: COMANDO AÉREO DE COMBATE No. 6 | B10: TRES ESQUINAS | C10: FAC-S-2022-093837-CI | D10: 8/1000 | E10: 0.008 | F10: 8/1000 | G10: 0.008 | H10: 0.02 | I10: 0.0025 | J10: 0.05 | K10: NO APLICA | L10: 0.03 | M10: NO APLICA | N10: NO APLICA | O10: SEGÚN CANTIDAD SLMLV
A11: COMANDO AÉREO DE COMBATE No. 7 | B11: CALI | C11: FAC-S-2022-097922-CI | D11: 3,3/1000 SI ES OBRA - 10/1000 SI ES MANTENIMIENTO | E11: 0,33% OBRA - 1% MANTENIMIENTO | F11: 7,7 /1000 | G11: =7.7/1000 -> 0.0077 | H11: 0.02 | I11: 0.0025 | J11: 0.05 | K11: NO APLICA | L11: 0.005 | M11: NO APLICA | N11: 0.005 | O11: SEGÚN CANTIDAD SLMLV
A12: COMANDO AÉREO DE TRANSPORTE MILITAR | B12: BOGOTA D.C | C12: FAC-S-2022-030190-CI | D12: 7,12/1000 | E12: 0.00712 | F12: 11,04/1000 | G12: 0.0104 | H12: 0.02 | I12: 0.0025 | J12: 0.05 | K12: NO APLICA | L12: NO APLICA | M12: NO APLICA | N12: NO APLICA | O12: SEGÚN CANTIDAD SLMLV
A13: COMANDO AÉREO DE MANTENIMIENTO | B13: MADRID | C13: FAC-S-2022-092017-CI | D13: 10/1000 | E13: 0.01 | F13: 10/1000 | G13: 0.01 | H13: 0.02 | I13: 0.0025 | J13: 0.05 | K13: NO APLICA | L13: NO APLICA | M13: NO APLICA | N13: NO APLICA | O13: SEGÚN CANTIDAD SLMLV
A14: GRUPO AÉREO DEL ORIENTE | B14: GAORI | C14: FAC-S-2022-030190-CI | D14: 7,12/1000 | E14: 0.00712 | F14: 11,04/1000 | G14: 0.0104 | H14: 0.02 | I14: 0.0025 | J14: 0.05 | K14: NO APLICA | L14: NO APLICA | M14: NO APLICA | N14: NO APLICA | O14: SEGÚN CANTIDAD SLMLV
A15: GRUPO AÉREO DEL CARIBE | B15: SAN ANDRES ISLAS | C15: FAC-S-2022-030190-CI | D15: 7,12/1000 | E15: 0.00712 | F15: 11,04/1000 | G15: 0.0104 | H15: 0.02 | I15: 0.0025 | J15: 0.05 | K15: NO APLICA | L15: NO APLICA | M15: NO APLICA | N15: NO APLICA | O15: SEGÚN CANTIDAD SLMLV
A16: GRUPO AÉREO DEL CASANARE | B16: YOPAL, CASANARE | C16: FAC-S-2022-030190-CI | D16: 7,12/1000 | E16: 0.00712 | F16: 11,04/1000 | G16: 0.0104 | H16: 0.02 | I16: 0.0025 | J16: 0.05 | K16: NO APLICA | L16: NO APLICA | M16: NO APLICA | N16: NO APLICA | O16: SEGÚN CANTIDAD SLMLV
A17: GRUPO AÉREO DEL AMAZONAS | B17: LETICIA | C17: FAC-S-2022-030190-CI | D17: 7,12/1000 | E17: 0.00712 | F17: 11,04/1000 | G17: 0.0104 | H17: 0.02 | I17: 0.0025 | J17: 0.05 | K17: NO APLICA | L17: NO APLICA | M17: NO APLICA | N17: NO APLICA | O17: SEGÚN CANTIDAD SLMLV
A18: ESCUELA MILITAR DE AVIACION | B18: CALI | C18: FAC-S-2022-097922-CI* | D18: 3,3/1000 SI ES OBRA - 10/1000 SI ES MANTENIMIENTO | E18: 0,33% OBRA - 1% MANTENIMIENTO | F18: 7,7 /1000 | G18: =7.7/1000 -> 0.0077 | H18: 0.02 | I18: 0.0025 | J18: 0.05 | K18: NO APLICA | L18: 0.005 | M18: NO APLICA | N18: 0.005 | O18: SEGÚN CANTIDAD SLMLV
A19: ESCUELA DE SUBOFICIALES FAC | B19: MADRID | C19: FAC-S-2022-092017-CI | D19: 10/1000 | E19: 0.01 | F19: 10/1000 | G19: 0.01 | H19: 0.02 | I19: 0.0025 | J19: 0.05 | K19: NO APLICA | L19: NO APLICA | M19: NO APLICA | N19: NO APLICA | O19: SEGÚN CANTIDAD SLMLV
A20: NOTA: Los impuestos deben ser liquidados de acuerdo a su ordenación de gasto de origen NO unidad ejecutora.
K21: ESTAMPILLA UNIVERSIDAD NACIONAL (1697 DEL 2013)
K22: <-2000 | L22: 0 | M22: =2000*'1,1 FACTOR PRESTACIONAL'!$E$9 -> 2600000000 | N22: =2000*'1,1 FACTOR PRESTACIONAL'!$E$9 -> 2600000000 | O22: 0.005
K23: 2001-6000 | L23: =2000*'1,1 FACTOR PRESTACIONAL'!$E$9 -> 2600000000 | M23: =6000*'1,1 FACTOR PRESTACIONAL'!$E$9 -> 7800000000 | N23: =6000*'1,1 FACTOR PRESTACIONAL'!$E$9 -> 7800000000 | O23: 0.01
K24: 6001-> | L24: =6000*'1,1 FACTOR PRESTACIONAL'!$E$9 -> 7800000000 | O24: 0.02

Sheet 1.9 CALCULO UTILIDAD
A2: FUERZA AEROESPACIAL COLOMBIANA
A3: UNIDAD MILITAR AEREA | C3: COMANDO AÉREO DE COMBATE No. 1
A4: OBJETO DEL CONTRATO: | C4: OBRA PUBLICA PARA "Diseño de una propuesta para el cálculo del A.I.U aplicable a los proyectos de infraestructura de la Fuerza Aeroespacial Colombiana bajo la modalidad de licitación pública, haciendo uso de elementos del marco de trabajo SCRUM".
A5: ANALISIS DE UTILIDAD (U)
E6: FECHA | F6: =TODAY() -> 45758
H7: MESES
E11: Pp: Porcentaje Pesimista | F11: 0.03
E12: Pm: Porcentaje Probable | F12: 0.04
E13: Po: Porcentaje Optimista | F13: 0.05
E14: Pc: Porcentaje Esperado | F14: =ROUND(((F13+(4*F12)+F11)/6),3) -> 0.04
B16: UTILIDAD (U) | F16: =+F14 -> 0.04
A18: NOTA: La UTILIDAD repesenta la ganancia que espera obtener el contratista por el cumplimiento de sus obligaciones en la ejecución del Proyecto. Fuente: Circular 001 del 18 de Febrero del 2019 Contraloria general de medellin.
